Workbook
Name Exchange_Rate: '[1]Pricing Summary'!$C$1
Name Exchange_Rate: 'Pricing Summary'!$C$1
Name N_SUP_OP1_WP: [1]!T_SUP_SUM_OP1[WORK PACKAGE DESCRIPTION]
Name N_SUP_OP2_WP: [1]!T_SUP_SUM_OP2[WORK PACKAGE DESCRIPTION]
Name N_WorkP_Name: T_SUP_SUM[Work Package Name]
Name N_WorkP_Name: T_SUP_SUM[Work Package Name]
Name N_WorkP_Name: T_SUP_SUM[Work Package Name]
Name N_WorkP_Name: T_SUP_SUM[Work Package Name]
Name N_WorkP_Name: T_SUP_SUM[Work Package Name]

Sheet Introduction
A1: Annexure I Pricing Workbook Instructions
A8: Bidder Quotations can be added as additional information
A9: Only Fill in Columns in Green
A10: Use your own preventative maintenance plan as well as all the requirements in the SOW (Annexure A) for determining the costs
A11: Use the Baseline Information in Scope of Work to scope the environment that needs to be maintained.
A12: Pricing will be fixed for the duration of the contact.
A13: Pricing must include at least the minimum Resources as per Scope of Work
A14: Include all costs related to supply and comission in the supply pricing (project management, Site establishement, permits, etc)

Sheet Pricing Summary
B1: Exchange Rate | C1: 18
B2: Annexure I Pricing Summary
E6: TOTAL CAPEX | F6: =N20+N19 -> 0
E7: TOTAL OPEX | F7: =SUM(N15:N18) -> 0
E8: TOTAL OFFER | F8: =SUM(F6:F7) -> 0
B14: Area | C14: Total Excluding VAT Y1 | D14: Total Excluding VAT Y2 | E14: Total Excluding VAT Y3 | F14: Total Excluding VAT Y4 | G14: Total Excluding VAT Y5 | H14: Total Excluding VAT Y6 | I14: Total Excluding VAT Y7 | J14: Total Excluding VAT Y8 | K14: Total Excluding VAT Y9 | L14: Total Excluding VAT Y10 | M14: Total Excluding VAT | N14: Total Including VAT
B15: Total Maintenance - Software | C15: =T_SOFT[[#Totals],[(U) Total Cost Excluding Vat - Y1 (A*K)]] -> 0 | D15: =T_SOFT[[#Totals],[(V) Total Cost Excluding Vat - Y2 (B*L)]] -> 0 | E15: =T_SOFT[[#Totals],[(W) Total Cost Excluding Vat - Y3 (C*M)]] -> 0 | F15: =T_SOFT[[#Totals],[(X) Total Cost Excluding Vat - Y4 (D*N)]] -> 0 | G15: =T_SOFT[[#Totals],[(Y) Total Cost Excluding Vat - Y5 (E*O)]] -> 0 | H15: =T_SOFT[[#Totals],[(Z) Total Cost Excluding Vat - Y6 (F*P)]] -> 0 | I15: =T_SOFT[[#Totals],[(AA) Total Cost Excluding Vat - Y7 (G*Q)]] -> 0 | J15: =T_SOFT[[#Totals],[(BB) Total Cost Excluding Vat - Y8 (H*R)]] -> 0 | K15: =T_SOFT[[#Totals],[(CC) Total Cost Excluding Vat - Y9 (I*S)]] -> 0 | L15: =T_SOFT[[#Totals],[(DD) Total Cost Excluding Vat - Y10 (J*T)]] -> 0 | M15: =SUM('Pricing Summary'!$C15:$L15) -> 0 | N15: ='Pricing Summary'!$M15*1.15 -> 0
B16: Total Maintenance - Hardware | C16: =T_HW[[#Totals],[(U) Total Cost Excluding Vat - Y1 (A*K)]] -> 0 | D16: =T_HW[[#Totals],[(V) Total Cost Excluding Vat - Y2 (B*L)]] -> 0 | E16: =T_HW[[#Totals],[(W) Total Cost Excluding Vat - Y3 (C*M)]] -> 0 | F16: =T_HW[[#Totals],[(X) Total Cost Excluding Vat - Y4 (D*N)]] -> 0 | G16: =T_HW[[#Totals],[(Y) Total Cost Excluding Vat - Y5 (E*O)]] -> 0 | H16: =T_HW[[#Totals],[(Z) Total Cost Excluding Vat - Y6 (F*P)]] -> 0 | I16: =T_HW[[#Totals],[(AA) Total Cost Excluding Vat - Y7 (G*Q)]] -> 0 | J16: =T_HW[[#Totals],[(BB) Total Cost Excluding Vat - Y8 (H*R)]] -> 0 | K16: =T_HW[[#Totals],[(CC) Total Cost Excluding Vat - Y9 (I*S)]] -> 0 | L16: =T_HW[[#Totals],[(DD) Total Cost Excluding Vat - Y10 (J*T)]] -> 0 | M16: =SUM('Pricing Summary'!$C16:$L16) -> 0 | N16: ='Pricing Summary'!$M16*1.15 -> 0
B17: Monthly Fixed SLA | C17: =SUM(T_SLA[(U) Total Cost Excluding Vat - Y1 (A*K)]) -> 0 | D17: =SUM(T_SLA[(V) Total Cost Excluding Vat - Y2 (B*L)]) -> 0 | E17: =SUM(T_SLA[(W) Total Cost Excluding Vat - Y3 (C*M)]) -> 0 | F17: =SUM(T_SLA[(X) Total Cost Excluding Vat - Y4 (D*N)]) -> 0 | G17: =SUM(T_SLA[(Y) Total Cost Excluding Vat - Y5 (E*O)]) -> 0 | H17: =T_SLA[[#Totals],[(Z) Total Cost Excluding Vat - Y6 (F*P)]] -> 0 | I17: =T_SLA[[#Totals],[(AA) Total Cost Excluding Vat - Y7 (G*Q)]] -> 0 | J17: =T_SLA[[#Totals],[(BB) Total Cost Excluding Vat - Y8 (H*R)]] -> 0 | K17: =T_SLA[[#Totals],[(CC) Total Cost Excluding Vat - Y9 (I*S)]] -> 0 | L17: =T_SLA[[#Totals],[(DD) Total Cost Excluding Vat - Y10 (J*T)]] -> 0 | M17: =SUM('Pricing Summary'!$C17:$L17) -> 0 | N17: ='Pricing Summary'!$M17*1.15 -> 0
B18: Other costs - RECURRING | C18: =T_OTHER_R[[#Totals],[(U) Total Cost Excluding Vat - Y1 (A*K)]] -> 0 | D18: =T_OTHER_R[[#Totals],[(V) Total Cost Excluding Vat - Y2 (B*L)]] -> 0 | E18: =T_OTHER_R[[#Totals],[(W) Total Cost Excluding Vat - Y3 (C*M)]] -> 0 | F18: =T_OTHER_R[[#Totals],[(X) Total Cost Excluding Vat - Y4 (D*N)]] -> 0 | G18: =T_OTHER_R[[#Totals],[(Y) Total Cost Excluding Vat - Y5 (E*O)]] -> 0 | H18: =T_OTHER_R[[#Totals],[(Z) Total Cost Excluding Vat - Y6 (F*P)]] -> 0 | I18: =T_OTHER_R[[#Totals],[(AA) Total Cost Excluding Vat - Y7 (G*Q)]] -> 0 | J18: =T_OTHER_R[[#Totals],[(BB) Total Cost Excluding Vat - Y8 (H*R)]] -> 0 | K18: =T_OTHER_R[[#Totals],[(CC) Total Cost Excluding Vat - Y9 (I*S)]] -> 0 | L18: =T_OTHER_R[[#Totals],[(DD) Total Cost Excluding Vat - Y10 (J*T)]] -> 0
B19: Other costs - ONCE OFF | C19: =T_OTHER_OO[[#Totals],[(U) Total Cost Excluding Vat - Y1 (A*K)]] -> 0 | D19: =T_OTHER_OO[[#Totals],[(V) Total Cost Excluding Vat - Y2 (B*L)]] -> 0 | E19: =T_OTHER_OO[[#Totals],[(W) Total Cost Excluding Vat - Y3 (C*M)]] -> 0 | F19: =T_OTHER_OO[[#Totals],[(X) Total Cost Excluding Vat - Y4 (D*N)]] -> 0 | G19: =T_OTHER_OO[[#Totals],[(Y) Total Cost Excluding Vat - Y5 (E*O)]] -> 0 | H19: =T_OTHER_OO[[#Totals],[(Z) Total Cost Excluding Vat - Y6 (F*P)]] -> 0 | I19: =T_OTHER_OO[[#Totals],[(AA) Total Cost Excluding Vat - Y7 (G*Q)]] -> 0 | J19: =T_OTHER_OO[[#Totals],[(BB) Total Cost Excluding Vat - Y8 (H*R)]] -> 0 | K19: =T_OTHER_OO[[#Totals],[(CC) Total Cost Excluding Vat - Y9 (I*S)]] -> 0 | L19: =T_OTHER_OO[[#Totals],[(DD) Total Cost Excluding Vat - Y10 (J*T)]] -> 0
B20: Total Supply | C20: =T_SUP[[#Totals],[(FF) Total Cost Y1 ((K*EE)+L)*A]] -> 0 | D20: =T_SUP[[#Totals],[(GG) Total Cost Y2 ((M*EE)+N)*B]] -> 0 | E20: =T_SUP[[#Totals],[(HH) Total Cost Y3 ((N*EE)+O)*C]] -> 0 | F20: =T_SUP[[#Totals],[(II) Total Cost Y4 ((Q*EE)+R)*D]] -> 0 | G20: =T_SUP[[#Totals],[(JJ) Total Cost Y5 ((S*EE)+T)*E]] -> 0 | H20: =T_SUP[[#Totals],[(KK) Total Cost Y6 ((U*EE)+V)*F]] -> 0 | I20: =T_SUP[[#Totals],[(LL) Total Cost Y7 ((W*EE)+X)*G]] -> 0 | J20: =T_SUP[[#Totals],[(MM) Total Cost Y8 ((Y*EE)+Z)*H]] -> 0 | K20: =T_SUP[[#Totals],[(NN) Total Cost Y9 ((AA*EE)+BB)*I]] -> 0 | L20: =T_SUP[[#Totals],[(OO) Total Cost Y10 ((CC*EE)+DD)*J]] -> 0 | M20: =SUM('Pricing Summary'!$C20:$L20) -> 0 | N20: ='Pricing Summary'!$M20*1.15 -> 0
B21: Total | C21: =SUM(C15:C20) -> 0 | D21: =SUM(D15:D20) -> 0 | E21: =SUM(E15:E20) -> 0 | F21: =SUM(F15:F20) -> 0 | G21: =SUM(G15:G20) -> 0 | H21: =SUM(H15:H20) -> 0 | I21: =SUM(I15:I20) -> 0 | J21: =SUM(J15:J20) -> 0 | ... N21: =SUM(N15:N20) -> 0

Sheet Supply Summary
A1: Annexure I Summary Supply Pricing | AH1: Yes
AH2: No
A4: Notes:
A5: This Annexure is for informational Purposes
A6: The pricing below is derived from your detailed pricing submission
A7: Please ensure the pricing totals here match up with your Total Offer for each work Package
A11: Work Package Name | B11: Total Excluding VAT | C11: TOTAL Including VAT
A12: CUTE Workstation | B12: =SUMIF(T_SUP[WORK PACKAGE NAME],T_SUP_SUM[[#This Row],[Work Package Name]],T_SUP[(PP) Total Cost Excluding VAT (FF+GG+HH+II+JJ+KK+LL+MM+NN+OO)]) -> 0 | C12: =T_SUP_SUM[[#This Row],[Total Excluding VAT]]*1.15 -> 0
A13: LCD Monitor | B13: =SUMIF(T_SUP[WORK PACKAGE NAME],T_SUP_SUM[[#This Row],[Work Package Name]],T_SUP[(PP) Total Cost Excluding VAT (FF+GG+HH+II+JJ+KK+LL+MM+NN+OO)]) -> 0 | C13: =T_SUP_SUM[[#This Row],[Total Excluding VAT]]*1.15 -> 0
A14: Boarding Pass Printer (BPP) | B14: =SUMIF(T_SUP[WORK PACKAGE NAME],T_SUP_SUM[[#This Row],[Work Package Name]],T_SUP[(PP) Total Cost Excluding VAT (FF+GG+HH+II+JJ+KK+LL+MM+NN+OO)]) -> 0 | C14: =T_SUP_SUM[[#This Row],[Total Excluding VAT]]*1.15 -> 0
A15: Magnetic Stripe Reader (MSR) & Optical | B15: =SUMIF(T_SUP[WORK PACKAGE NAME],T_SUP_SUM[[#This Row],[Work Package Name]],T_SUP[(PP) Total Cost Excluding VAT (FF+GG+HH+II+JJ+KK+LL+MM+NN+OO)]) -> 0 | C15: =T_SUP_SUM[[#This Row],[Total Excluding VAT]]*1.15 -> 0
A16: Bag Tag Printer (BTP) | B16: =SUMIF(T_SUP[WORK PACKAGE NAME],T_SUP_SUM[[#This Row],[Work Package Name]],T_SUP[(PP) Total Cost Excluding VAT (FF+GG+HH+II+JJ+KK+LL+MM+NN+OO)]) -> 0 | C16: =T_SUP_SUM[[#This Row],[Total Excluding VAT]]*1.15 -> 0
A17: Boarding Gate Reader (BGR) | B17: =SUMIF(T_SUP[WORK PACKAGE NAME],T_SUP_SUM[[#This Row],[Work Package Name]],T_SUP[(PP) Total Cost Excluding VAT (FF+GG+HH+II+JJ+KK+LL+MM+NN+OO)]) -> 0 | C17: =T_SUP_SUM[[#This Row],[Total Excluding VAT]]*1.15 -> 0
A18: Laser Scanner Reader (LSR) | B18: =SUMIF(T_SUP[WORK PACKAGE NAME],T_SUP_SUM[[#This Row],[Work Package Name]],T_SUP[(PP) Total Cost Excluding VAT (FF+GG+HH+II+JJ+KK+LL+MM+NN+OO)]) -> 0 | C18: =T_SUP_SUM[[#This Row],[Total Excluding VAT]]*1.15 -> 0
A19: General Purpose Printer (GPP) | B19: =SUMIF(T_SUP[WORK PACKAGE NAME],T_SUP_SUM[[#This Row],[Work Package Name]],T_SUP[(PP) Total Cost Excluding VAT (FF+GG+HH+II+JJ+KK+LL+MM+NN+OO)]) -> 0 | C19: =T_SUP_SUM[[#This Row],[Total Excluding VAT]]*1.15 -> 0
A20: CUSS Kiosks | B20: =SUMIF(T_SUP[WORK PACKAGE NAME],T_SUP_SUM[[#This Row],[Work Package Name]],T_SUP[(PP) Total Cost Excluding VAT (FF+GG+HH+II+JJ+KK+LL+MM+NN+OO)]) -> 0 | C20: =T_SUP_SUM[[#This Row],[Total Excluding VAT]]*1.15 -> 0
A21: Total | B21: =SUM(B12:B20) -> 0 | C21: =T_SUP_SUM[[#This Row],[Total Excluding VAT]]*1.15 -> 0

Sheet Supply Pricing
A1: Annexure I Detailed Supply Pricing | AF1: Yes
AF2: No
A5: Notes:
A6: Supply pricing must include all costs to make the units functional (project managment any instalation costs, permits, conficuration, setup, integrationetc.)
A7: NOTE that the qty belo EXCLUDES spares as this shoud be included in your hardware maintenance costs
A8: Pricing is fiexd for the contract term
A9: Only USD exchange rate will be allowed as pe the spesifications in the main SOW.
A10: Only fill in the columns in green
A11: Pricing should be per unit. The sheet claculates the total price
A12: Please verify your final pricing and the totals
A15: WORK PACKAGE NAME | B15: Site | C15: (A) Y1 | D15: (B) Y2 | E15: (C) Y3 | F15: (D) Y4 | G15: (E) Y5 | H15: (F) Y6 | I15: (G) Y7 | J15: (H) Y8 | K15: (I) Y9 | L15: (J) Y10 | M15: (K) Price in USD For US sourced items - Y1 | N15: (L) ZAR Price (for local sourced items) Excluding VAT - Y1 | O15: (M) Price in USD For US sourced items - Y2 | P15: (N) ZAR Price (for local sourced items) Excluding VAT - Y2 | Q15: (O) Price in USD For US sourced items - Y3 | R15: (O) ZAR Price (for local sourced items) Excluding VAT - Y3 | S15: (Q) Price in USD For US sourced items - Y4 | T15: (R) ZAR Price (for local sourced items) Excluding VAT - Y4 | U15: (S) Price in USD For US sourced items - Y5 | V15: (T) ZAR Price (for local sourced items) Excluding VAT - Y5 | W15: (U) Price in USD For US sourced items - Y6 | X15: (V) ZAR Price (for local sourced items) Excluding VAT - Y6 | Y15: (W) Price in USD For US sourced items - Y7 | Z15: (X) ZAR Price (for local sourced items) Excluding VAT - Y7 | AA15: (Y) Price in USD For US sourced items - Y8 | AB15: (Z) ZAR Price (for local sourced items) Excluding VAT - Y8 | AC15: (AA) Price in USD For US sourced items - Y9 | AD15: (BB) ZAR Price (for local sourced items) Excluding VAT - Y9 | AE15: (CC) Price in USD For US sourced items - Y10 | AF15: (DD) ZAR Price (for local sourced items) Excluding VAT - Y10 | AG15: (EE) Exchange rate | AH15: (FF) Total Cost Y1 ((K*EE)+L)*A | AI15: (GG) Total Cost Y2 ((M*EE)+N)*B | AJ15: (HH) Total Cost Y3 ((N*EE)+O)*C | AK15: (II) Total Cost Y4 ((Q*EE)+R)*D | AL15: (JJ) Total Cost Y5 ((S*EE)+T)*E | AM15: (KK) Total Cost Y6 ((U*EE)+V)*F | AN15: (LL) Total Cost Y7 ((W*EE)+X)*G | AO15: (MM) Total Cost Y8 ((Y*EE)+Z)*H | AP15: (NN) Total Cost Y9 ((AA*EE)+BB)*I | AQ15: (OO) Total Cost Y10 ((CC*EE)+DD)*J | AR15: (PP) Total Cost Excluding VAT (FF+GG+HH+II+JJ+KK+LL+MM+NN+OO) | AS15: (QQ) Total Cost Including VAT (PP*1,15) | AT15: Comment
A16: CUTE Workstation | B16: JNB | C16: 464 | D16: 0 | E16: 0 | F16: =ROUNDUP(T_SUP[[#This Row],[(A) Y1]]*0.1,0) -> 47 | G16: 0 | H16: =T_SUP[[#This Row],[(D) Y4]]+T_SUP[[#This Row],[(A) Y1]] -> 511 | I16: 0 | J16: =ROUNDUP(T_SUP[[#This Row],[(F) Y6]]*0.1,0) -> 52 | K16: 0 | L16: 0 | AG16: =Exchange_Rate -> 18 | AH16: =((T_SUP[[#This Row],[(EE) Exchange rate]]*T_SUP[[#This Row],[(K) Price in USD For US sourced items - Y1]])+T_SUP[[#This Row],[(L) ZAR Price (for local sourced items) Excluding VAT - Y1]])*T_SUP[[#This Row],[(A) Y1]] -> 0 | AI16: =((T_SUP[[#This Row],[(EE) Exchange rate]]*T_SUP[[#This Row],[(K) Price in USD For US sourced items - Y1]])+T_SUP[[#This Row],[(L) ZAR Price (for local sourced items) Excluding VAT - Y1]])*T_SUP[[#This Row],[(B) Y2]] -> 0 | AJ16: =((T_SUP[[#This Row],[(EE) Exchange rate]]*T_SUP[[#This Row],[(K) Price in USD For US sourced items - Y1]])+T_SUP[[#This Row],[(L) ZAR Price (for local sourced items) Excluding VAT - Y1]])*T_SUP[[#This Row],[(C) Y3]] -> 0 | AK16: =((T_SUP[[#This Row],[(EE) Exchange rate]]*T_SUP[[#This Row],[(K) Price in USD For US sourced items - Y1]])+T_SUP[[#This Row],[(L) ZAR Price (for local sourced items) Excluding VAT - Y1]])*T_SUP[[#This Row],[(D) Y4]] -> 0 | AL16: =((T_SUP[[#This Row],[(EE) Exchange rate]]*T_SUP[[#This Row],[(K) Price in USD For US sourced items - Y1]])+T_SUP[[#This Row],[(L) ZAR Price (for local sourced items) Excluding VAT - Y1]])*T_SUP[[#This Row],[(E) Y5]] -> 0 | AM16: =((T_SUP[[#This Row],[(EE) Exchange rate]]*T_SUP[[#This Row],[(K) Price in USD For US sourced items - Y1]])+T_SUP[[#This Row],[(L) ZAR Price (for local sourced items) Excluding VAT - Y1]])*T_SUP[[#This Row],[(F) Y6]] -> 0 | AN16: =((T_SUP[[#This Row],[(EE) Exchange rate]]*T_SUP[[#This Row],[(K) Price in USD For US sourced items - Y1]])+T_SUP[[#This Row],[(L) ZAR Price (for local sourced items) Excluding VAT - Y1]])*T_SUP[[#This Row],[(G) Y7]] -> 0 | AO16: =((T_SUP[[#This Row],[(EE) Exchange rate]]*T_SUP[[#This Row],[(K) Price in USD For US sourced items - Y1]])+T_SUP[[#This Row],[(L) ZAR Price (for local sourced items) Excluding VAT - Y1]])*T_SUP[[#This Row],[(H) Y8]] -> 0 | AP16: =((T_SUP[[#This Row],[(EE) Exchange rate]]*T_SUP[[#This Row],[(K) Price in USD For US sourced items - Y1]])+T_SUP[[#This Row],[(L) ZAR Price (for local sourced items) Excluding VAT - Y1]])*T_SUP[[#This Row],[(I) Y9]] -> 0 | AQ16: =((T_SUP[[#This Row],[(EE) Exchange rate]]*T_SUP[[#This Row],[(K) Price in USD For US sourced items - Y1]])+T_SUP[[#This Row],[(L) ZAR Price (for local sourced items) Excluding VAT - Y1]])*T_SUP[[#This Row],[(J) Y10]] -> 0 | AR16: =SUM(T_SUP[[#This Row],[(FF) Total Cost Y1 ((K*EE)+L)*A]:[(OO) Total Cost Y10 ((CC*EE)+DD)*J]]) -> 0 | AS16: =T_SUP[[#This Row],[(PP) Total Cost Excluding VAT (FF+GG+HH+II+JJ+KK+LL+MM+NN+OO)]]*1.15 -> 0
A17: LCD Monitor | B17: JNB | C17: 464 | D17: 0 | E17: 0 | F17: =ROUNDUP(T_SUP[[#This Row],[(A) Y1]]*0.1,0) -> 47 | G17: 0 | H17: =T_SUP[[#This Row],[(D) Y4]]+T_SUP[[#This Row],[(A) Y1]] -> 511 | I17: 0 | J17: =ROUNDUP(T_SUP[[#This Row],[(F) Y6]]*0.1,0) -> 52 | K17: 0 | L17: 0 | AG17: =Exchange_Rate -> 18 | AH17: =((T_SUP[[#This Row],[(EE) Exchange rate]]*T_SUP[[#This Row],[(K) Price in USD For US sourced items - Y1]])+T_SUP[[#This Row],[(L) ZAR Price (for local sourced items) Excluding VAT - Y1]])*T_SUP[[#This Row],[(A) Y1]] -> 0 | AI17: =((T_SUP[[#This Row],[(EE) Exchange rate]]*T_SUP[[#This Row],[(K) Price in USD For US sourced items - Y1]])+T_SUP[[#This Row],[(L) ZAR Price (for local sourced items) Excluding VAT - Y1]])*T_SUP[[#This Row],[(B) Y2]] -> 0 | AJ17: =((T_SUP[[#This Row],[(EE) Exchange rate]]*T_SUP[[#This Row],[(K) Price in USD For US sourced items - Y1]])+T_SUP[[#This Row],[(L) ZAR Price (for local sourced items) Excluding VAT - Y1]])*T_SUP[[#This Row],[(C) Y3]] -> 0 | AK17: =((T_SUP[[#This Row],[(EE) Exchange rate]]*T_SUP[[#This Row],[(K) Price in USD For US sourced items - Y1]])+T_SUP[[#This Row],[(L) ZAR Price (for local sourced items) Excluding VAT - Y1]])*T_SUP[[#This Row],[(D) Y4]] -> 0 | AL17: =((T_SUP[[#This Row],[(EE) Exchange rate]]*T_SUP[[#This Row],[(K) Price in USD For US sourced items - Y1]])+T_SUP[[#This Row],[(L) ZAR Price (for local sourced items) Excluding VAT - Y1]])*T_SUP[[#This Row],[(E) Y5]] -> 0 | AM17: =((T_SUP[[#This Row],[(EE) Exchange rate]]*T_SUP[[#This Row],[(K) Price in USD For US sourced items - Y1]])+T_SUP[[#This Row],[(L) ZAR Price (for local sourced items) Excluding VAT - Y1]])*T_SUP[[#This Row],[(F) Y6]] -> 0 | AN17: =((T_SUP[[#This Row],[(EE) Exchange rate]]*T_SUP[[#This Row],[(K) Price in USD For US sourced items - Y1]])+T_SUP[[#This Row],[(L) ZAR Price (for local sourced items) Excluding VAT - Y1]])*T_SUP[[#This Row],[(G) Y7]] -> 0 | AO17: =((T_SUP[[#This Row],[(EE) Exchange rate]]*T_SUP[[#This Row],[(K) Price in USD For US sourced items - Y1]])+T_SUP[[#This Row],[(L) ZAR Price (for local sourced items) Excluding VAT - Y1]])*T_SUP[[#This Row],[(H) Y8]] -> 0 | AP17: =((T_SUP[[#This Row],[(EE) Exchange rate]]*T_SUP[[#This Row],[(K) Price in USD For US sourced items - Y1]])+T_SUP[[#This Row],[(L) ZAR Price (for local sourced items) Excluding VAT - Y1]])*T_SUP[[#This Row],[(I) Y9]] -> 0 | AQ17: =((T_SUP[[#This Row],[(EE) Exchange rate]]*T_SUP[[#This Row],[(K) Price in USD For US sourced items - Y1]])+T_SUP[[#This Row],[(L) ZAR Price (for local sourced items) Excluding VAT - Y1]])*T_SUP[[#This Row],[(J) Y10]] -> 0 | AR17: =SUM(T_SUP[[#This Row],[(FF) Total Cost Y1 ((K*EE)+L)*A]:[(OO) Total Cost Y10 ((CC*EE)+DD)*J]]) -> 0 | AS17: =T_SUP[[#This Row],[(PP) Total Cost Excluding VAT (FF+GG+HH+II+JJ+KK+LL+MM+NN+OO)]]*1.15 -> 0
A18: Boarding Pass Printer (BPP) | B18: JNB | C18: 397 | D18: 0 | E18: 0 | F18: =ROUNDUP(T_SUP[[#This Row],[(A) Y1]]*0.1,0) -> 40 | G18: 0 | H18: =T_SUP[[#This Row],[(D) Y4]]+T_SUP[[#This Row],[(A) Y1]] -> 437 | I18: 0 | J18: =ROUNDUP(T_SUP[[#This Row],[(F) Y6]]*0.1,0) -> 44 | K18: 0 | L18: 0 | AG18: =Exchange_Rate -> 18 | AH18: =((T_SUP[[#This Row],[(EE) Exchange rate]]*T_SUP[[#This Row],[(K) Price in USD For US sourced items - Y1]])+T_SUP[[#This Row],[(L) ZAR Price (for local sourced items) Excluding VAT - Y1]])*T_SUP[[#This Row],[(A) Y1]] -> 0 | AI18: =((T_SUP[[#This Row],[(EE) Exchange rate]]*T_SUP[[#This Row],[(K) Price in USD For US sourced items - Y1]])+T_SUP[[#This Row],[(L) ZAR Price (for local sourced items) Excluding VAT - Y1]])*T_SUP[[#This Row],[(B) Y2]] -> 0 | AJ18: =((T_SUP[[#This Row],[(EE) Exchange rate]]*T_SUP[[#This Row],[(K) Price in USD For US sourced items - Y1]])+T_SUP[[#This Row],[(L) ZAR Price (for local sourced items) Excluding VAT - Y1]])*T_SUP[[#This Row],[(C) Y3]] -> 0 | AK18: =((T_SUP[[#This Row],[(EE) Exchange rate]]*T_SUP[[#This Row],[(K) Price in USD For US sourced items - Y1]])+T_SUP[[#This Row],[(L) ZAR Price (for local sourced items) Excluding VAT - Y1]])*T_SUP[[#This Row],[(D) Y4]] -> 0 | AL18: =((T_SUP[[#This Row],[(EE) Exchange rate]]*T_SUP[[#This Row],[(K) Price in USD For US sourced items - Y1]])+T_SUP[[#This Row],[(L) ZAR Price (for local sourced items) Excluding VAT - Y1]])*T_SUP[[#This Row],[(E) Y5]] -> 0 | AM18: =((T_SUP[[#This Row],[(EE) Exchange rate]]*T_SUP[[#This Row],[(K) Price in USD For US sourced items - Y1]])+T_SUP[[#This Row],[(L) ZAR Price (for local sourced items) Excluding VAT - Y1]])*T_SUP[[#This Row],[(F) Y6]] -> 0 | AN18: =((T_SUP[[#This Row],[(EE) Exchange rate]]*T_SUP[[#This Row],[(K) Price in USD For US sourced items - Y1]])+T_SUP[[#This Row],[(L) ZAR Price (for local sourced items) Excluding VAT - Y1]])*T_SUP[[#This Row],[(G) Y7]] -> 0 | AO18: =((T_SUP[[#This Row],[(EE) Exchange rate]]*T_SUP[[#This Row],[(K) Price in USD For US sourced items - Y1]])+T_SUP[[#This Row],[(L) ZAR Price (for local sourced items) Excluding VAT - Y1]])*T_SUP[[#This Row],[(H) Y8]] -> 0 | AP18: =((T_SUP[[#This Row],[(EE) Exchange rate]]*T_SUP[[#This Row],[(K) Price in USD For US sourced items - Y1]])+T_SUP[[#This Row],[(L) ZAR Price (for local sourced items) Excluding VAT - Y1]])*T_SUP[[#This Row],[(I) Y9]] -> 0 | AQ18: =((T_SUP[[#This Row],[(EE) Exchange rate]]*T_SUP[[#This Row],[(K) Price in USD For US sourced items - Y1]])+T_SUP[[#This Row],[(L) ZAR Price (for local sourced items) Excluding VAT - Y1]])*T_SUP[[#This Row],[(J) Y10]] -> 0 | AR18: =SUM(T_SUP[[#This Row],[(FF) Total Cost Y1 ((K*EE)+L)*A]:[(OO) Total Cost Y10 ((CC*EE)+DD)*J]]) -> 0 | AS18: =T_SUP[[#This Row],[(PP) Total Cost Excluding VAT (FF+GG+HH+II+JJ+KK+LL+MM+NN+OO)]]*1.15 -> 0
A19: Magnetic Stripe Reader (MSR) & Optical | B19: JNB | C19: 458 | D19: 0 | E19: 0 | F19: =ROUNDUP(T_SUP[[#This Row],[(A) Y1]]*0.1,0) -> 46 | G19: 0 | H19: =T_SUP[[#This Row],[(D) Y4]]+T_SUP[[#This Row],[(A) Y1]] -> 504 | I19: 0 | J19: =ROUNDUP(T_SUP[[#This Row],[(F) Y6]]*0.1,0) -> 51 | K19: 0 | L19: 0 | AG19: =Exchange_Rate -> 18 | AH19: =((T_SUP[[#This Row],[(EE) Exchange rate]]*T_SUP[[#This Row],[(K) Price in USD For US sourced items - Y1]])+T_SUP[[#This Row],[(L) ZAR Price (for local sourced items) Excluding VAT - Y1]])*T_SUP[[#This Row],[(A) Y1]] -> 0 | AI19: =((T_SUP[[#This Row],[(EE) Exchange rate]]*T_SUP[[#This Row],[(K) Price in USD For US sourced items - Y1]])+T_SUP[[#This Row],[(L) ZAR Price (for local sourced items) Excluding VAT - Y1]])*T_SUP[[#This Row],[(B) Y2]] -> 0 | AJ19: =((T_SUP[[#This Row],[(EE) Exchange rate]]*T_SUP[[#This Row],[(K) Price in USD For US sourced items - Y1]])+T_SUP[[#This Row],[(L) ZAR Price (for local sourced items) Excluding VAT - Y1]])*T_SUP[[#This Row],[(C) Y3]] -> 0 | AK19: =((T_SUP[[#This Row],[(EE) Exchange rate]]*T_SUP[[#This Row],[(K) Price in USD For US sourced items - Y1]])+T_SUP[[#This Row],[(L) ZAR Price (for local sourced items) Excluding VAT - Y1]])*T_SUP[[#This Row],[(D) Y4]] -> 0 | AL19: =((T_SUP[[#This Row],[(EE) Exchange rate]]*T_SUP[[#This Row],[(K) Price in USD For US sourced items - Y1]])+T_SUP[[#This Row],[(L) ZAR Price (for local sourced items) Excluding VAT - Y1]])*T_SUP[[#This Row],[(E) Y5]] -> 0 | AM19: =((T_SUP[[#This Row],[(EE) Exchange rate]]*T_SUP[[#This Row],[(K) Price in USD For US sourced items - Y1]])+T_SUP[[#This Row],[(L) ZAR Price (for local sourced items) Excluding VAT - Y1]])*T_SUP[[#This Row],[(F) Y6]] -> 0 | AN19: =((T_SUP[[#This Row],[(EE) Exchange rate]]*T_SUP[[#This Row],[(K) Price in USD For US sourced items - Y1]])+T_SUP[[#This Row],[(L) ZAR Price (for local sourced items) Excluding VAT - Y1]])*T_SUP[[#This Row],[(G) Y7]] -> 0 | AO19: =((T_SUP[[#This Row],[(EE) Exchange rate]]*T_SUP[[#This Row],[(K) Price in USD For US sourced items - Y1]])+T_SUP[[#This Row],[(L) ZAR Price (for local sourced items) Excluding VAT - Y1]])*T_SUP[[#This Row],[(H) Y8]] -> 0 | AP19: =((T_SUP[[#This Row],[(EE) Exchange rate]]*T_SUP[[#This Row],[(K) Price in USD For US sourced items - Y1]])+T_SUP[[#This Row],[(L) ZAR Price (for local sourced items) Excluding VAT - Y1]])*T_SUP[[#This Row],[(I) Y9]] -> 0 | AQ19: =((T_SUP[[#This Row],[(EE) Exchange rate]]*T_SUP[[#This Row],[(K) Price in USD For US sourced items - Y1]])+T_SUP[[#This Row],[(L) ZAR Price (for local sourced items) Excluding VAT - Y1]])*T_SUP[[#This Row],[(J) Y10]] -> 0 | AR19: =SUM(T_SUP[[#This Row],[(FF) Total Cost Y1 ((K*EE)+L)*A]:[(OO) Total Cost Y10 ((CC*EE)+DD)*J]]) -> 0 | AS19: =T_SUP[[#This Row],[(PP) Total Cost Excluding VAT (FF+GG+HH+II+JJ+KK+LL+MM+NN+OO)]]*1.15 -> 0
A20: Bag Tag Printer (BTP) | B20: JNB | C20: 397 | D20: 0 | E20: 0 | F20: =ROUNDUP(T_SUP[[#This Row],[(A) Y1]]*0.1,0) -> 40 | G20: 0 | H20: =T_SUP[[#This Row],[(D) Y4]]+T_SUP[[#This Row],[(A) Y1]] -> 437 | I20: 0 | J20: =ROUNDUP(T_SUP[[#This Row],[(F) Y6]]*0.1,0) -> 44 | K20: 0 | L20: 0 | AG20: =Exchange_Rate -> 18 | AH20: =((T_SUP[[#This Row],[(EE) Exchange rate]]*T_SUP[[#This Row],[(K) Price in USD For US sourced items - Y1]])+T_SUP[[#This Row],[(L) ZAR Price (for local sourced items) Excluding VAT - Y1]])*T_SUP[[#This Row],[(A) Y1]] -> 0 | AI20: =((T_SUP[[#This Row],[(EE) Exchange rate]]*T_SUP[[#This Row],[(K) Price in USD For US sourced items - Y1]])+T_SUP[[#This Row],[(L) ZAR Price (for local sourced items) Excluding VAT - Y1]])*T_SUP[[#This Row],[(B) Y2]] -> 0 | AJ20: =((T_SUP[[#This Row],[(EE) Exchange rate]]*T_SUP[[#This Row],[(K) Price in USD For US sourced items - Y1]])+T_SUP[[#This Row],[(L) ZAR Price (for local sourced items) Excluding VAT - Y1]])*T_SUP[[#This Row],[(C) Y3]] -> 0 | AK20: =((T_SUP[[#This Row],[(EE) Exchange rate]]*T_SUP[[#This Row],[(K) Price in USD For US sourced items - Y1]])+T_SUP[[#This Row],[(L) ZAR Price (for local sourced items) Excluding VAT - Y1]])*T_SUP[[#This Row],[(D) Y4]] -> 0 | AL20: =((T_SUP[[#This Row],[(EE) Exchange rate]]*T_SUP[[#This Row],[(K) Price in USD For US sourced items - Y1]])+T_SUP[[#This Row],[(L) ZAR Price (for local sourced items) Excluding VAT - Y1]])*T_SUP[[#This Row],[(E) Y5]] -> 0 | AM20: =((T_SUP[[#This Row],[(EE) Exchange rate]]*T_SUP[[#This Row],[(K) Price in USD For US sourced items - Y1]])+T_SUP[[#This Row],[(L) ZAR Price (for local sourced items) Excluding VAT - Y1]])*T_SUP[[#This Row],[(F) Y6]] -> 0 | AN20: =((T_SUP[[#This Row],[(EE) Exchange rate]]*T_SUP[[#This Row],[(K) Price in USD For US sourced items - Y1]])+T_SUP[[#This Row],[(L) ZAR Price (for local sourced items) Excluding VAT - Y1]])*T_SUP[[#This Row],[(G) Y7]] -> 0 | AO20: =((T_SUP[[#This Row],[(EE) Exchange rate]]*T_SUP[[#This Row],[(K) Price in USD For US sourced items - Y1]])+T_SUP[[#This Row],[(L) ZAR Price (for local sourced items) Excluding VAT - Y1]])*T_SUP[[#This Row],[(H) Y8]] -> 0 | AP20: =((T_SUP[[#This Row],[(EE) Exchange rate]]*T_SUP[[#This Row],[(K) Price in USD For US sourced items - Y1]])+T_SUP[[#This Row],[(L) ZAR Price (for local sourced items) Excluding VAT - Y1]])*T_SUP[[#This Row],[(I) Y9]] -> 0 | AQ20: =((T_SUP[[#This Row],[(EE) Exchange rate]]*T_SUP[[#This Row],[(K) Price in USD For US sourced items - Y1]])+T_SUP[[#This Row],[(L) ZAR Price (for local sourced items) Excluding VAT - Y1]])*T_SUP[[#This Row],[(J) Y10]] -> 0 | AR20: =SUM(T_SUP[[#This Row],[(FF) Total Cost Y1 ((K*EE)+L)*A]:[(OO) Total Cost Y10 ((CC*EE)+DD)*J]]) -> 0 | AS20: =T_SUP[[#This Row],[(PP) Total Cost Excluding VAT (FF+GG+HH+II+JJ+KK+LL+MM+NN+OO)]]*1.15 -> 0
A21: Boarding Gate Reader (BGR) | B21: JNB | C21: 116 | D21: 0 | E21: 0 | F21: =ROUNDUP(T_SUP[[#This Row],[(A) Y1]]*0.1,0) -> 12 | G21: 0 | H21: =T_SUP[[#This Row],[(D) Y4]]+T_SUP[[#This Row],[(A) Y1]] -> 128 | I21: 0 | J21: =ROUNDUP(T_SUP[[#This Row],[(F) Y6]]*0.1,0) -> 13 | K21: 0 | L21: 0 | AG21: =Exchange_Rate -> 18 | AH21: =((T_SUP[[#This Row],[(EE) Exchange rate]]*T_SUP[[#This Row],[(K) Price in USD For US sourced items - Y1]])+T_SUP[[#This Row],[(L) ZAR Price (for local sourced items) Excluding VAT - Y1]])*T_SUP[[#This Row],[(A) Y1]] -> 0 | AI21: =((T_SUP[[#This Row],[(EE) Exchange rate]]*T_SUP[[#This Row],[(K) Price in USD For US sourced items - Y1]])+T_SUP[[#This Row],[(L) ZAR Price (for local sourced items) Excluding VAT - Y1]])*T_SUP[[#This Row],[(B) Y2]] -> 0 | AJ21: =((T_SUP[[#This Row],[(EE) Exchange rate]]*T_SUP[[#This Row],[(K) Price in USD For US sourced items - Y1]])+T_SUP[[#This Row],[(L) ZAR Price (for local sourced items) Excluding VAT - Y1]])*T_SUP[[#This Row],[(C) Y3]] -> 0 | AK21: =((T_SUP[[#This Row],[(EE) Exchange rate]]*T_SUP[[#This Row],[(K) Price in USD For US sourced items - Y1]])+T_SUP[[#This Row],[(L) ZAR Price (for local sourced items) Excluding VAT - Y1]])*T_SUP[[#This Row],[(D) Y4]] -> 0 | AL21: =((T_SUP[[#This Row],[(EE) Exchange rate]]*T_SUP[[#This Row],[(K) Price in USD For US sourced items - Y1]])+T_SUP[[#This Row],[(L) ZAR Price (for local sourced items) Excluding VAT - Y1]])*T_SUP[[#This Row],[(E) Y5]] -> 0 | AM21: =((T_SUP[[#This Row],[(EE) Exchange rate]]*T_SUP[[#This Row],[(K) Price in USD For US sourced items - Y1]])+T_SUP[[#This Row],[(L) ZAR Price (for local sourced items) Excluding VAT - Y1]])*T_SUP[[#This Row],[(F) Y6]] -> 0 | AN21: =((T_SUP[[#This Row],[(EE) Exchange rate]]*T_SUP[[#This Row],[(K) Price in USD For US sourced items - Y1]])+T_SUP[[#This Row],[(L) ZAR Price (for local sourced items) Excluding VAT - Y1]])*T_SUP[[#This Row],[(G) Y7]] -> 0 | AO21: =((T_SUP[[#This Row],[(EE) Exchange rate]]*T_SUP[[#This Row],[(K) Price in USD For US sourced items - Y1]])+T_SUP[[#This Row],[(L) ZAR Price (for local sourced items) Excluding VAT - Y1]])*T_SUP[[#This Row],[(H) Y8]] -> 0 | AP21: =((T_SUP[[#This Row],[(EE) Exchange rate]]*T_SUP[[#This Row],[(K) Price in USD For US sourced items - Y1]])+T_SUP[[#This Row],[(L) ZAR Price (for local sourced items) Excluding VAT - Y1]])*T_SUP[[#This Row],[(I) Y9]] -> 0 | AQ21: =((T_SUP[[#This Row],[(EE) Exchange rate]]*T_SUP[[#This Row],[(K) Price in USD For US sourced items - Y1]])+T_SUP[[#This Row],[(L) ZAR Price (for local sourced items) Excluding VAT - Y1]])*T_SUP[[#This Row],[(J) Y10]] -> 0 | AR21: =SUM(T_SUP[[#This Row],[(FF) Total Cost Y1 ((K*EE)+L)*A]:[(OO) Total Cost Y10 ((CC*EE)+DD)*J]]) -> 0 | AS21: =T_SUP[[#This Row],[(PP) Total Cost Excluding VAT (FF+GG+HH+II+JJ+KK+LL+MM+NN+OO)]]*1.15 -> 0
A22: Laser Scanner Reader (LSR) | B22: JNB | C22: 317 | D22: 0 | E22: 0 | F22: =ROUNDUP(T_SUP[[#This Row],[(A) Y1]]*0.1,0) -> 32 | G22: 0 | H22: =T_SUP[[#This Row],[(D) Y4]]+T_SUP[[#This Row],[(A) Y1]] -> 349 | I22: 0 | J22: =ROUNDUP(T_SUP[[#This Row],[(F) Y6]]*0.1,0) -> 35 | K22: 0 | L22: 0 | AG22: =Exchange_Rate -> 18 | AH22: =((T_SUP[[#This Row],[(EE) Exchange rate]]*T_SUP[[#This Row],[(K) Price in USD For US sourced items - Y1]])+T_SUP[[#This Row],[(L) ZAR Price (for local sourced items) Excluding VAT - Y1]])*T_SUP[[#This Row],[(A) Y1]] -> 0 | AI22: =((T_SUP[[#This Row],[(EE) Exchange rate]]*T_SUP[[#This Row],[(K) Price in USD For US sourced items - Y1]])+T_SUP[[#This Row],[(L) ZAR Price (for local sourced items) Excluding VAT - Y1]])*T_SUP[[#This Row],[(B) Y2]] -> 0 | AJ22: =((T_SUP[[#This Row],[(EE) Exchange rate]]*T_SUP[[#This Row],[(K) Price in USD For US sourced items - Y1]])+T_SUP[[#This Row],[(L) ZAR Price (for local sourced items) Excluding VAT - Y1]])*T_SUP[[#This Row],[(C) Y3]] -> 0 | AK22: =((T_SUP[[#This Row],[(EE) Exchange rate]]*T_SUP[[#This Row],[(K) Price in USD For US sourced items - Y1]])+T_SUP[[#This Row],[(L) ZAR Price (for local sourced items) Excluding VAT - Y1]])*T_SUP[[#This Row],[(D) Y4]] -> 0 | AL22: =((T_SUP[[#This Row],[(EE) Exchange rate]]*T_SUP[[#This Row],[(K) Price in USD For US sourced items - Y1]])+T_SUP[[#This Row],[(L) ZAR Price (for local sourced items) Excluding VAT - Y1]])*T_SUP[[#This Row],[(E) Y5]] -> 0 | AM22: =((T_SUP[[#This Row],[(EE) Exchange rate]]*T_SUP[[#This Row],[(K) Price in USD For US sourced items - Y1]])+T_SUP[[#This Row],[(L) ZAR Price (for local sourced items) Excluding VAT - Y1]])*T_SUP[[#This Row],[(F) Y6]] -> 0 | AN22: =((T_SUP[[#This Row],[(EE) Exchange rate]]*T_SUP[[#This Row],[(K) Price in USD For US sourced items - Y1]])+T_SUP[[#This Row],[(L) ZAR Price (for local sourced items) Excluding VAT - Y1]])*T_SUP[[#This Row],[(G) Y7]] -> 0 | AO22: =((T_SUP[[#This Row],[(EE) Exchange rate]]*T_SUP[[#This Row],[(K) Price in USD For US sourced items - Y1]])+T_SUP[[#This Row],[(L) ZAR Price (for local sourced items) Excluding VAT - Y1]])*T_SUP[[#This Row],[(H) Y8]] -> 0 | AP22: =((T_SUP[[#This Row],[(EE) Exchange rate]]*T_SUP[[#This Row],[(K) Price in USD For US sourced items - Y1]])+T_SUP[[#This Row],[(L) ZAR Price (for local sourced items) Excluding VAT - Y1]])*T_SUP[[#This Row],[(I) Y9]] -> 0 | AQ22: =((T_SUP[[#This Row],[(EE) Exchange rate]]*T_SUP[[#This Row],[(K) Price in USD For US sourced items - Y1]])+T_SUP[[#This Row],[(L) ZAR Price (for local sourced items) Excluding VAT - Y1]])*T_SUP[[#This Row],[(J) Y10]] -> 0 | AR22: =SUM(T_SUP[[#This Row],[(FF) Total Cost Y1 ((K*EE)+L)*A]:[(OO) Total Cost Y10 ((CC*EE)+DD)*J]]) -> 0 | AS22: =T_SUP[[#This Row],[(PP) Total Cost Excluding VAT (FF+GG+HH+II+JJ+KK+LL+MM+NN+OO)]]*1.15 -> 0
A23: General Purpose Printer (GPP) | B23: JNB | C23: 83 | D23: 0 | E23: 0 | F23: =ROUNDUP(T_SUP[[#This Row],[(A) Y1]]*0.1,0) -> 9 | G23: 0 | H23: =T_SUP[[#This Row],[(D) Y4]]+T_SUP[[#This Row],[(A) Y1]] -> 92 | I23: 0 | J23: =ROUNDUP(T_SUP[[#This Row],[(F) Y6]]*0.1,0) -> 10 | K23: 0 | L23: 0 | AG23: =Exchange_Rate -> 18 | AH23: =((T_SUP[[#This Row],[(EE) Exchange rate]]*T_SUP[[#This Row],[(K) Price in USD For US sourced items - Y1]])+T_SUP[[#This Row],[(L) ZAR Price (for local sourced items) Excluding VAT - Y1]])*T_SUP[[#This Row],[(A) Y1]] -> 0 | AI23: =((T_SUP[[#This Row],[(EE) Exchange rate]]*T_SUP[[#This Row],[(K) Price in USD For US sourced items - Y1]])+T_SUP[[#This Row],[(L) ZAR Price (for local sourced items) Excluding VAT - Y1]])*T_SUP[[#This Row],[(B) Y2]] -> 0 | AJ23: =((T_SUP[[#This Row],[(EE) Exchange rate]]*T_SUP[[#This Row],[(K) Price in USD For US sourced items - Y1]])+T_SUP[[#This Row],[(L) ZAR Price (for local sourced items) Excluding VAT - Y1]])*T_SUP[[#This Row],[(C) Y3]] -> 0 | AK23: =((T_SUP[[#This Row],[(EE) Exchange rate]]*T_SUP[[#This Row],[(K) Price in USD For US sourced items - Y1]])+T_SUP[[#This Row],[(L) ZAR Price (for local sourced items) Excluding VAT - Y1]])*T_SUP[[#This Row],[(D) Y4]] -> 0 | AL23: =((T_SUP[[#This Row],[(EE) Exchange rate]]*T_SUP[[#This Row],[(K) Price in USD For US sourced items - Y1]])+T_SUP[[#This Row],[(L) ZAR Price (for local sourced items) Excluding VAT - Y1]])*T_SUP[[#This Row],[(E) Y5]] -> 0 | AM23: =((T_SUP[[#This Row],[(EE) Exchange rate]]*T_SUP[[#This Row],[(K) Price in USD For US sourced items - Y1]])+T_SUP[[#This Row],[(L) ZAR Price (for local sourced items) Excluding VAT - Y1]])*T_SUP[[#This Row],[(F) Y6]] -> 0 | AN23: =((T_SUP[[#This Row],[(EE) Exchange rate]]*T_SUP[[#This Row],[(K) Price in USD For US sourced items - Y1]])+T_SUP[[#This Row],[(L) ZAR Price (for local sourced items) Excluding VAT - Y1]])*T_SUP[[#This Row],[(G) Y7]] -> 0 | AO23: =((T_SUP[[#This Row],[(EE) Exchange rate]]*T_SUP[[#This Row],[(K) Price in USD For US sourced items - Y1]])+T_SUP[[#This Row],[(L) ZAR Price (for local sourced items) Excluding VAT - Y1]])*T_SUP[[#This Row],[(H) Y8]] -> 0 | AP23: =((T_SUP[[#This Row],[(EE) Exchange rate]]*T_SUP[[#This Row],[(K) Price in USD For US sourced items - Y1]])+T_SUP[[#This Row],[(L) ZAR Price (for local sourced items) Excluding VAT - Y1]])*T_SUP[[#This Row],[(I) Y9]] -> 0 | AQ23: =((T_SUP[[#This Row],[(EE) Exchange rate]]*T_SUP[[#This Row],[(K) Price in USD For US sourced items - Y1]])+T_SUP[[#This Row],[(L) ZAR Price (for local sourced items) Excluding VAT - Y1]])*T_SUP[[#This Row],[(J) Y10]] -> 0 | AR23: =SUM(T_SUP[[#This Row],[(FF) Total Cost Y1 ((K*EE)+L)*A]:[(OO) Total Cost Y10 ((CC*EE)+DD)*J]]) -> 0 | AS23: =T_SUP[[#This Row],[(PP) Total Cost Excluding VAT (FF+GG+HH+II+JJ+KK+LL+MM+NN+OO)]]*1.15 -> 0
A24: CUSS Kiosks | B24: JNB | C24: 44 | D24: 0 | E24: 0 | F24: =ROUNDUP(T_SUP[[#This Row],[(A) Y1]]*0.1,0) -> 5 | G24: 0 | H24: =T_SUP[[#This Row],[(D) Y4]]+T_SUP[[#This Row],[(A) Y1]] -> 49 | I24: 0 | J24: =ROUNDUP(T_SUP[[#This Row],[(F) Y6]]*0.1,0) -> 5 | K24: 0 | L24: 0 | AG24: =Exchange_Rate -> 18 | AH24: =((T_SUP[[#This Row],[(EE) Exchange rate]]*T_SUP[[#This Row],[(K) Price in USD For US sourced items - Y1]])+T_SUP[[#This Row],[(L) ZAR Price (for local sourced items) Excluding VAT - Y1]])*T_SUP[[#This Row],[(A) Y1]] -> 0 | AI24: =((T_SUP[[#This Row],[(EE) Exchange rate]]*T_SUP[[#This Row],[(K) Price in USD For US sourced items - Y1]])+T_SUP[[#This Row],[(L) ZAR Price (for local sourced items) Excluding VAT - Y1]])*T_SUP[[#This Row],[(B) Y2]] -> 0 | AJ24: =((T_SUP[[#This Row],[(EE) Exchange rate]]*T_SUP[[#This Row],[(K) Price in USD For US sourced items - Y1]])+T_SUP[[#This Row],[(L) ZAR Price (for local sourced items) Excluding VAT - Y1]])*T_SUP[[#This Row],[(C) Y3]] -> 0 | AK24: =((T_SUP[[#This Row],[(EE) Exchange rate]]*T_SUP[[#This Row],[(K) Price in USD For US sourced items - Y1]])+T_SUP[[#This Row],[(L) ZAR Price (for local sourced items) Excluding VAT - Y1]])*T_SUP[[#This Row],[(D) Y4]] -> 0 | AL24: =((T_SUP[[#This Row],[(EE) Exchange rate]]*T_SUP[[#This Row],[(K) Price in USD For US sourced items - Y1]])+T_SUP[[#This Row],[(L) ZAR Price (for local sourced items) Excluding VAT - Y1]])*T_SUP[[#This Row],[(E) Y5]] -> 0 | AM24: =((T_SUP[[#This Row],[(EE) Exchange rate]]*T_SUP[[#This Row],[(K) Price in USD For US sourced items - Y1]])+T_SUP[[#This Row],[(L) ZAR Price (for local sourced items) Excluding VAT - Y1]])*T_SUP[[#This Row],[(F) Y6]] -> 0 | AN24: =((T_SUP[[#This Row],[(EE) Exchange rate]]*T_SUP[[#This Row],[(K) Price in USD For US sourced items - Y1]])+T_SUP[[#This Row],[(L) ZAR Price (for local sourced items) Excluding VAT - Y1]])*T_SUP[[#This Row],[(G) Y7]] -> 0 | AO24: =((T_SUP[[#This Row],[(EE) Exchange rate]]*T_SUP[[#This Row],[(K) Price in USD For US sourced items - Y1]])+T_SUP[[#This Row],[(L) ZAR Price (for local sourced items) Excluding VAT - Y1]])*T_SUP[[#This Row],[(H) Y8]] -> 0 | AP24: =((T_SUP[[#This Row],[(EE) Exchange rate]]*T_SUP[[#This Row],[(K) Price in USD For US sourced items - Y1]])+T_SUP[[#This Row],[(L) ZAR Price (for local sourced items) Excluding VAT - Y1]])*T_SUP[[#This Row],[(I) Y9]] -> 0 | AQ24: =((T_SUP[[#This Row],[(EE) Exchange rate]]*T_SUP[[#This Row],[(K) Price in USD For US sourced items - Y1]])+T_SUP[[#This Row],[(L) ZAR Price (for local sourced items) Excluding VAT - Y1]])*T_SUP[[#This Row],[(J) Y10]] -> 0 | AR24: =SUM(T_SUP[[#This Row],[(FF) Total Cost Y1 ((K*EE)+L)*A]:[(OO) Total Cost Y10 ((CC*EE)+DD)*J]]) -> 0 | AS24: =T_SUP[[#This Row],[(PP) Total Cost Excluding VAT (FF+GG+HH+II+JJ+KK+LL+MM+NN+OO)]]*1.15 -> 0
A25: CUTE Workstation | B25: CPT | C25: 212 | D25: 0 | E25: 0 | F25: =ROUNDUP(T_SUP[[#This Row],[(A) Y1]]*0.1,0) -> 22 | G25: 0 | H25: =T_SUP[[#This Row],[(D) Y4]]+T_SUP[[#This Row],[(A) Y1]] -> 234 | I25: 0 | J25: =ROUNDUP(T_SUP[[#This Row],[(F) Y6]]*0.1,0) -> 24 | K25: 0 | L25: 0 | AG25: =Exchange_Rate -> 18 | AH25: =((T_SUP[[#This Row],[(EE) Exchange rate]]*T_SUP[[#This Row],[(K) Price in USD For US sourced items - Y1]])+T_SUP[[#This Row],[(L) ZAR Price (for local sourced items) Excluding VAT - Y1]])*T_SUP[[#This Row],[(A) Y1]] -> 0 | AI25: =((T_SUP[[#This Row],[(EE) Exchange rate]]*T_SUP[[#This Row],[(K) Price in USD For US sourced items - Y1]])+T_SUP[[#This Row],[(L) ZAR Price (for local sourced items) Excluding VAT - Y1]])*T_SUP[[#This Row],[(B) Y2]] -> 0 | AJ25: =((T_SUP[[#This Row],[(EE) Exchange rate]]*T_SUP[[#This Row],[(K) Price in USD For US sourced items - Y1]])+T_SUP[[#This Row],[(L) ZAR Price (for local sourced items) Excluding VAT - Y1]])*T_SUP[[#This Row],[(C) Y3]] -> 0 | AK25: =((T_SUP[[#This Row],[(EE) Exchange rate]]*T_SUP[[#This Row],[(K) Price in USD For US sourced items - Y1]])+T_SUP[[#This Row],[(L) ZAR Price (for local sourced items) Excluding VAT - Y1]])*T_SUP[[#This Row],[(D) Y4]] -> 0 | AL25: =((T_SUP[[#This Row],[(EE) Exchange rate]]*T_SUP[[#This Row],[(K) Price in USD For US sourced items - Y1]])+T_SUP[[#This Row],[(L) ZAR Price (for local sourced items) Excluding VAT - Y1]])*T_SUP[[#This Row],[(E) Y5]] -> 0 | AM25: =((T_SUP[[#This Row],[(EE) Exchange rate]]*T_SUP[[#This Row],[(K) Price in USD For US sourced items - Y1]])+T_SUP[[#This Row],[(L) ZAR Price (for local sourced items) Excluding VAT - Y1]])*T_SUP[[#This Row],[(F) Y6]] -> 0 | AN25: =((T_SUP[[#This Row],[(EE) Exchange rate]]*T_SUP[[#This Row],[(K) Price in USD For US sourced items - Y1]])+T_SUP[[#This Row],[(L) ZAR Price (for local sourced items) Excluding VAT - Y1]])*T_SUP[[#This Row],[(G) Y7]] -> 0 | AO25: =((T_SUP[[#This Row],[(EE) Exchange rate]]*T_SUP[[#This Row],[(K) Price in USD For US sourced items - Y1]])+T_SUP[[#This Row],[(L) ZAR Price (for local sourced items) Excluding VAT - Y1]])*T_SUP[[#This Row],[(H) Y8]] -> 0 | AP25: =((T_SUP[[#This Row],[(EE) Exchange rate]]*T_SUP[[#This Row],[(K) Price in USD For US sourced items - Y1]])+T_SUP[[#This Row],[(L) ZAR Price (for local sourced items) Excluding VAT - Y1]])*T_SUP[[#This Row],[(I) Y9]] -> 0 | AQ25: =((T_SUP[[#This Row],[(EE) Exchange rate]]*T_SUP[[#This Row],[(K) Price in USD For US sourced items - Y1]])+T_SUP[[#This Row],[(L) ZAR Price (for local sourced items) Excluding VAT - Y1]])*T_SUP[[#This Row],[(J) Y10]] -> 0 | AR25: =SUM(T_SUP[[#This Row],[(FF) Total Cost Y1 ((K*EE)+L)*A]:[(OO) Total Cost Y10 ((CC*EE)+DD)*J]]) -> 0 | AS25: =T_SUP[[#This Row],[(PP) Total Cost Excluding VAT (FF+GG+HH+II+JJ+KK+LL+MM+NN+OO)]]*1.15 -> 0
A26: LCD Monitor | B26: CPT | C26: 212 | D26: 0 | E26: 0 | F26: =ROUNDUP(T_SUP[[#This Row],[(A) Y1]]*0.1,0) -> 22 | G26: 0 | H26: =T_SUP[[#This Row],[(D) Y4]]+T_SUP[[#This Row],[(A) Y1]] -> 234 | I26: 0 | J26: =ROUNDUP(T_SUP[[#This Row],[(F) Y6]]*0.1,0) -> 24 | K26: 0 | L26: 0 | AG26: =Exchange_Rate -> 18 | AH26: =((T_SUP[[#This Row],[(EE) Exchange rate]]*T_SUP[[#This Row],[(K) Price in USD For US sourced items - Y1]])+T_SUP[[#This Row],[(L) ZAR Price (for local sourced items) Excluding VAT - Y1]])*T_SUP[[#This Row],[(A) Y1]] -> 0 | AI26: =((T_SUP[[#This Row],[(EE) Exchange rate]]*T_SUP[[#This Row],[(K) Price in USD For US sourced items - Y1]])+T_SUP[[#This Row],[(L) ZAR Price (for local sourced items) Excluding VAT - Y1]])*T_SUP[[#This Row],[(B) Y2]] -> 0 | AJ26: =((T_SUP[[#This Row],[(EE) Exchange rate]]*T_SUP[[#This Row],[(K) Price in USD For US sourced items - Y1]])+T_SUP[[#This Row],[(L) ZAR Price (for local sourced items) Excluding VAT - Y1]])*T_SUP[[#This Row],[(C) Y3]] -> 0 | AK26: =((T_SUP[[#This Row],[(EE) Exchange rate]]*T_SUP[[#This Row],[(K) Price in USD For US sourced items - Y1]])+T_SUP[[#This Row],[(L) ZAR Price (for local sourced items) Excluding VAT - Y1]])*T_SUP[[#This Row],[(D) Y4]] -> 0 | AL26: =((T_SUP[[#This Row],[(EE) Exchange rate]]*T_SUP[[#This Row],[(K) Price in USD For US sourced items - Y1]])+T_SUP[[#This Row],[(L) ZAR Price (for local sourced items) Excluding VAT - Y1]])*T_SUP[[#This Row],[(E) Y5]] -> 0 | AM26: =((T_SUP[[#This Row],[(EE) Exchange rate]]*T_SUP[[#This Row],[(K) Price in USD For US sourced items - Y1]])+T_SUP[[#This Row],[(L) ZAR Price (for local sourced items) Excluding VAT - Y1]])*T_SUP[[#This Row],[(F) Y6]] -> 0 | AN26: =((T_SUP[[#This Row],[(EE) Exchange rate]]*T_SUP[[#This Row],[(K) Price in USD For US sourced items - Y1]])+T_SUP[[#This Row],[(L) ZAR Price (for local sourced items) Excluding VAT - Y1]])*T_SUP[[#This Row],[(G) Y7]] -> 0 | AO26: =((T_SUP[[#This Row],[(EE) Exchange rate]]*T_SUP[[#This Row],[(K) Price in USD For US sourced items - Y1]])+T_SUP[[#This Row],[(L) ZAR Price (for local sourced items) Excluding VAT - Y1]])*T_SUP[[#This Row],[(H) Y8]] -> 0 | AP26: =((T_SUP[[#This Row],[(EE) Exchange rate]]*T_SUP[[#This Row],[(K) Price in USD For US sourced items - Y1]])+T_SUP[[#This Row],[(L) ZAR Price (for local sourced items) Excluding VAT - Y1]])*T_SUP[[#This Row],[(I) Y9]] -> 0 | AQ26: =((T_SUP[[#This Row],[(EE) Exchange rate]]*T_SUP[[#This Row],[(K) Price in USD For US sourced items - Y1]])+T_SUP[[#This Row],[(L) ZAR Price (for local sourced items) Excluding VAT - Y1]])*T_SUP[[#This Row],[(J) Y10]] -> 0 | AR26: =SUM(T_SUP[[#This Row],[(FF) Total Cost Y1 ((K*EE)+L)*A]:[(OO) Total Cost Y10 ((CC*EE)+DD)*J]]) -> 0 | AS26: =T_SUP[[#This Row],[(PP) Total Cost Excluding VAT (FF+GG+HH+II+JJ+KK+LL+MM+NN+OO)]]*1.15 -> 0
A27: Boarding Pass Printer (BPP) | B27: CPT | C27: 174 | D27: 0 | E27: 0 | F27: =ROUNDUP(T_SUP[[#This Row],[(A) Y1]]*0.1,0) -> 18 | G27: 0 | H27: =T_SUP[[#This Row],[(D) Y4]]+T_SUP[[#This Row],[(A) Y1]] -> 192 | I27: 0 | J27: =ROUNDUP(T_SUP[[#This Row],[(F) Y6]]*0.1,0) -> 20 | K27: 0 | L27: 0 | AG27: =Exchange_Rate -> 18 | AH27: =((T_SUP[[#This Row],[(EE) Exchange rate]]*T_SUP[[#This Row],[(K) Price in USD For US sourced items - Y1]])+T_SUP[[#This Row],[(L) ZAR Price (for local sourced items) Excluding VAT - Y1]])*T_SUP[[#This Row],[(A) Y1]] -> 0 | AI27: =((T_SUP[[#This Row],[(EE) Exchange rate]]*T_SUP[[#This Row],[(K) Price in USD For US sourced items - Y1]])+T_SUP[[#This Row],[(L) ZAR Price (for local sourced items) Excluding VAT - Y1]])*T_SUP[[#This Row],[(B) Y2]] -> 0 | AJ27: =((T_SUP[[#This Row],[(EE) Exchange rate]]*T_SUP[[#This Row],[(K) Price in USD For US sourced items - Y1]])+T_SUP[[#This Row],[(L) ZAR Price (for local sourced items) Excluding VAT - Y1]])*T_SUP[[#This Row],[(C) Y3]] -> 0 | AK27: =((T_SUP[[#This Row],[(EE) Exchange rate]]*T_SUP[[#This Row],[(K) Price in USD For US sourced items - Y1]])+T_SUP[[#This Row],[(L) ZAR Price (for local sourced items) Excluding VAT - Y1]])*T_SUP[[#This Row],[(D) Y4]] -> 0 | AL27: =((T_SUP[[#This Row],[(EE) Exchange rate]]*T_SUP[[#This Row],[(K) Price in USD For US sourced items - Y1]])+T_SUP[[#This Row],[(L) ZAR Price (for local sourced items) Excluding VAT - Y1]])*T_SUP[[#This Row],[(E) Y5]] -> 0 | AM27: =((T_SUP[[#This Row],[(EE) Exchange rate]]*T_SUP[[#This Row],[(K) Price in USD For US sourced items - Y1]])+T_SUP[[#This Row],[(L) ZAR Price (for local sourced items) Excluding VAT - Y1]])*T_SUP[[#This Row],[(F) Y6]] -> 0 | AN27: =((T_SUP[[#This Row],[(EE) Exchange rate]]*T_SUP[[#This Row],[(K) Price in USD For US sourced items - Y1]])+T_SUP[[#This Row],[(L) ZAR Price (for local sourced items) Excluding VAT - Y1]])*T_SUP[[#This Row],[(G) Y7]] -> 0 | AO27: =((T_SUP[[#This Row],[(EE) Exchange rate]]*T_SUP[[#This Row],[(K) Price in USD For US sourced items - Y1]])+T_SUP[[#This Row],[(L) ZAR Price (for local sourced items) Excluding VAT - Y1]])*T_SUP[[#This Row],[(H) Y8]] -> 0 | AP27: =((T_SUP[[#This Row],[(EE) Exchange rate]]*T_SUP[[#This Row],[(K) Price in USD For US sourced items - Y1]])+T_SUP[[#This Row],[(L) ZAR Price (for local sourced items) Excluding VAT - Y1]])*T_SUP[[#This Row],[(I) Y9]] -> 0 | AQ27: =((T_SUP[[#This Row],[(EE) Exchange rate]]*T_SUP[[#This Row],[(K) Price in USD For US sourced items - Y1]])+T_SUP[[#This Row],[(L) ZAR Price (for local sourced items) Excluding VAT - Y1]])*T_SUP[[#This Row],[(J) Y10]] -> 0 | AR27: =SUM(T_SUP[[#This Row],[(FF) Total Cost Y1 ((K*EE)+L)*A]:[(OO) Total Cost Y10 ((CC*EE)+DD)*J]]) -> 0 | AS27: =T_SUP[[#This Row],[(PP) Total Cost Excluding VAT (FF+GG+HH+II+JJ+KK+LL+MM+NN+OO)]]*1.15 -> 0
... A96: CUSS Kiosks | B96: UTN | C96: 2 | D96: 0 | E96: 0 | F96: =ROUNDUP(T_SUP[[#This Row],[(A) Y1]]*0.1,0) -> 1 | G96: 0 | H96: =T_SUP[[#This Row],[(D) Y4]]+T_SUP[[#This Row],[(A) Y1]] -> 3 | I96: 0 | J96: =ROUNDUP(T_SUP[[#This Row],[(F) Y6]]*0.1,0) -> 1 | K96: 0 | L96: 0 | AG96: =Exchange_Rate -> 18 | AH96: =((T_SUP[[#This Row],[(EE) Exchange rate]]*T_SUP[[#This Row],[(K) Price in USD For US sourced items - Y1]])+T_SUP[[#This Row],[(L) ZAR Price (for local sourced items) Excluding VAT - Y1]])*T_SUP[[#This Row],[(A) Y1]] -> 0 | AI96: =((T_SUP[[#This Row],[(EE) Exchange rate]]*T_SUP[[#This Row],[(K) Price in USD For US sourced items - Y1]])+T_SUP[[#This Row],[(L) ZAR Price (for local sourced items) Excluding VAT - Y1]])*T_SUP[[#This Row],[(B) Y2]] -> 0 | AJ96: =((T_SUP[[#This Row],[(EE) Exchange rate]]*T_SUP[[#This Row],[(K) Price in USD For US sourced items - Y1]])+T_SUP[[#This Row],[(L) ZAR Price (for local sourced items) Excluding VAT - Y1]])*T_SUP[[#This Row],[(C) Y3]] -> 0 | AK96: =((T_SUP[[#This Row],[(EE) Exchange rate]]*T_SUP[[#This Row],[(K) Price in USD For US sourced items - Y1]])+T_SUP[[#This Row],[(L) ZAR Price (for local sourced items) Excluding VAT - Y1]])*T_SUP[[#This Row],[(D) Y4]] -> 0 | AL96: =((T_SUP[[#This Row],[(EE) Exchange rate]]*T_SUP[[#This Row],[(K) Price in USD For US sourced items - Y1]])+T_SUP[[#This Row],[(L) ZAR Price (for local sourced items) Excluding VAT - Y1]])*T_SUP[[#This Row],[(E) Y5]] -> 0 | AM96: =((T_SUP[[#This Row],[(EE) Exchange rate]]*T_SUP[[#This Row],[(K) Price in USD For US sourced items - Y1]])+T_SUP[[#This Row],[(L) ZAR Price (for local sourced items) Excluding VAT - Y1]])*T_SUP[[#This Row],[(F) Y6]] -> 0 | AN96: =((T_SUP[[#This Row],[(EE) Exchange rate]]*T_SUP[[#This Row],[(K) Price in USD For US sourced items - Y1]])+T_SUP[[#This Row],[(L) ZAR Price (for local sourced items) Excluding VAT - Y1]])*T_SUP[[#This Row],[(G) Y7]] -> 0 | AO96: =((T_SUP[[#This Row],[(EE) Exchange rate]]*T_SUP[[#This Row],[(K) Price in USD For US sourced items - Y1]])+T_SUP[[#This Row],[(L) ZAR Price (for local sourced items) Excluding VAT - Y1]])*T_SUP[[#This Row],[(H) Y8]] -> 0 | AP96: =((T_SUP[[#This Row],[(EE) Exchange rate]]*T_SUP[[#This Row],[(K) Price in USD For US sourced items - Y1]])+T_SUP[[#This Row],[(L) ZAR Price (for local sourced items) Excluding VAT - Y1]])*T_SUP[[#This Row],[(I) Y9]] -> 0 | AQ96: =((T_SUP[[#This Row],[(EE) Exchange rate]]*T_SUP[[#This Row],[(K) Price in USD For US sourced items - Y1]])+T_SUP[[#This Row],[(L) ZAR Price (for local sourced items) Excluding VAT - Y1]])*T_SUP[[#This Row],[(J) Y10]] -> 0 | AR96: =SUM(T_SUP[[#This Row],[(FF) Total Cost Y1 ((K*EE)+L)*A]:[(OO) Total Cost Y10 ((CC*EE)+DD)*J]]) -> 0 | AS96: =T_SUP[[#This Row],[(PP) Total Cost Excluding VAT (FF+GG+HH+II+JJ+KK+LL+MM+NN+OO)]]*1.15 -> 0
A97: Total | AH97: =SUBTOTAL(109,T_SUP[(FF) Total Cost Y1 ((K*EE)+L)*A]) -> 0 | AI97: =SUBTOTAL(109,T_SUP[(GG) Total Cost Y2 ((M*EE)+N)*B]) -> 0 | AJ97: =SUBTOTAL(109,T_SUP[(HH) Total Cost Y3 ((N*EE)+O)*C]) -> 0 | AK97: =SUBTOTAL(109,T_SUP[(II) Total Cost Y4 ((Q*EE)+R)*D]) -> 0 | AL97: =SUBTOTAL(109,T_SUP[(JJ) Total Cost Y5 ((S*EE)+T)*E]) -> 0 | AM97: =SUBTOTAL(109,T_SUP[(KK) Total Cost Y6 ((U*EE)+V)*F]) -> 0 | AN97: =SUBTOTAL(109,T_SUP[(LL) Total Cost Y7 ((W*EE)+X)*G]) -> 0 | AO97: =SUBTOTAL(109,T_SUP[(MM) Total Cost Y8 ((Y*EE)+Z)*H]) -> 0 | AP97: =SUBTOTAL(109,T_SUP[(NN) Total Cost Y9 ((AA*EE)+BB)*I]) -> 0 | AQ97: =SUBTOTAL(109,T_SUP[(OO) Total Cost Y10 ((CC*EE)+DD)*J]) -> 0 | AR97: =SUBTOTAL(109,T_SUP[(PP) Total Cost Excluding VAT (FF+GG+HH+II+JJ+KK+LL+MM+NN+OO)]) -> 0 | AS97: =SUBTOTAL(109,T_SUP[(QQ) Total Cost Including VAT (PP*1,15)]) -> 0

Sheet SLA Maintenance
A1: Annexure I Monthly Preventative and SLA Maintenance Pricing
A5: Notes:
A6: Use your own preventative maintenance plan as well as all the requirements in the SOW (Annexure A) for determining the costs
A7: Use the Baseline Information in Scope of Work to scope the environment that needs to be maintained.
A8: Pricing will be fixed for the duration of the contact. - No further CPI increases
A9: Pricing must include at least the minimum Resources as per Scope of Work
A10: Only Fill in Columns in Green
A13: Description | B13: Site | C13: UOM | D13: (A) Monthly Cost excluding Vat - Y1 | E13: (B) Monthly Cost excluding Vat - Y2 | F13: (C) Monthly Cost excluding Vat - Y3 | G13: (D) Monthly Cost excluding Vat - Y4 | H13: (E) Monthly Cost excluding Vat - Y5 | I13: (F) Monthly Cost excluding Vat - Y6 | J13: (G) Monthly Cost excluding Vat - Y7 | K13: (H) Monthly Cost excluding Vat - Y8 | L13: (I) Monthly Cost excluding Vat - Y9 | M13: (J) Monthly Cost excluding Vat - Y10 | N13: (K) Qty - Y1 | O13: (L) Qty - Y2 | P13: (M) Qty - Y3 | Q13: (N) Qty - Y4 | R13: (O) Qty - Y5 | S13: (P) Qty - Y6 | T13: (Q) Qty - Y7 | U13: (R) Qty - Y8 | V13: (S) Qty - Y9 | W13: (T) Qty - Y10 | X13: (U) Total Cost Excluding Vat - Y1 (A*K) | Y13: (V) Total Cost Excluding Vat - Y2 (B*L) | Z13: (W) Total Cost Excluding Vat - Y3 (C*M) | AA13: (X) Total Cost Excluding Vat - Y4 (D*N) | AB13: (Y) Total Cost Excluding Vat - Y5 (E*O) | AC13: (Z) Total Cost Excluding Vat - Y6 (F*P) | AD13: (AA) Total Cost Excluding Vat - Y7 (G*Q) | AE13: (BB) Total Cost Excluding Vat - Y8 (H*R) | AF13: (CC) Total Cost Excluding Vat - Y9 (I*S) | AG13: (DD) Total Cost Excluding Vat - Y10 (J*T) | AH13: (EE) Total Cost Excluding VAT
A14: Fixed Monthly Pricing to maintain the SLA as required In Scope of work including providing all the Reports and tasks as provided | B14: JNB | C14: Monthly | N14: 12 | O14: 12 | P14: 12 | Q14: 12 | R14: 12 | S14: 12 | T14: 12 | U14: 12 | V14: 12 | W14: 12 | X14: =T_SLA[[#This Row],[(K) Qty - Y1]]*T_SLA[[#This Row],[(A) Monthly Cost excluding Vat - Y1]] -> 0 | Y14: =T_SLA[[#This Row],[(B) Monthly Cost excluding Vat - Y2]]*T_SLA[[#This Row],[(L) Qty - Y2]] -> 0 | Z14: =T_SLA[[#This Row],[(C) Monthly Cost excluding Vat - Y3]]*T_SLA[[#This Row],[(M) Qty - Y3]] -> 0 | AA14: =T_SLA[[#This Row],[(D) Monthly Cost excluding Vat - Y4]]*T_SLA[[#This Row],[(N) Qty - Y4]] -> 0 | AB14: =T_SLA[[#This Row],[(E) Monthly Cost excluding Vat - Y5]]*T_SLA[[#This Row],[(O) Qty - Y5]] -> 0 | AC14: =T_SLA[[#This Row],[(F) Monthly Cost excluding Vat - Y6]]*T_SLA[[#This Row],[(P) Qty - Y6]] -> 0 | AD14: =T_SLA[[#This Row],[(G) Monthly Cost excluding Vat - Y7]]*T_SLA[[#This Row],[(Q) Qty - Y7]] -> 0 | AE14: =T_SLA[[#This Row],[(H) Monthly Cost excluding Vat - Y8]]*T_SLA[[#This Row],[(R) Qty - Y8]] -> 0 | AF14: =T_SLA[[#This Row],[(I) Monthly Cost excluding Vat - Y9]]*T_SLA[[#This Row],[(S) Qty - Y9]] -> 0 | AG14: =T_SLA[[#This Row],[(J) Monthly Cost excluding Vat - Y10]]*T_SLA[[#This Row],[(T) Qty - Y10]] -> 0 | AH14: =SUM(T_SLA[[#This Row],[(U) Total Cost Excluding Vat - Y1 (A*K)]:[(DD) Total Cost Excluding Vat - Y10 (J*T)]]) -> 0
A15: Fixed Monthly Pricing to maintain the SLA as required In Scope of work including providing all the Reports and tasks as provided | B15: CPT | C15: Monthly | N15: 12 | O15: 12 | P15: 12 | Q15: 12 | R15: 12 | S15: 12 | T15: 12 | U15: 12 | V15: 12 | W15: 12 | X15: =T_SLA[[#This Row],[(K) Qty - Y1]]*T_SLA[[#This Row],[(A) Monthly Cost excluding Vat - Y1]] -> 0 | Y15: =T_SLA[[#This Row],[(B) Monthly Cost excluding Vat - Y2]]*T_SLA[[#This Row],[(L) Qty - Y2]] -> 0 | Z15: =T_SLA[[#This Row],[(C) Monthly Cost excluding Vat - Y3]]*T_SLA[[#This Row],[(M) Qty - Y3]] -> 0 | AA15: =T_SLA[[#This Row],[(D) Monthly Cost excluding Vat - Y4]]*T_SLA[[#This Row],[(N) Qty - Y4]] -> 0 | AB15: =T_SLA[[#This Row],[(E) Monthly Cost excluding Vat - Y5]]*T_SLA[[#This Row],[(O) Qty - Y5]] -> 0 | AC15: =T_SLA[[#This Row],[(F) Monthly Cost excluding Vat - Y6]]*T_SLA[[#This Row],[(P) Qty - Y6]] -> 0 | AD15: =T_SLA[[#This Row],[(G) Monthly Cost excluding Vat - Y7]]*T_SLA[[#This Row],[(Q) Qty - Y7]] -> 0 | AE15: =T_SLA[[#This Row],[(H) Monthly Cost excluding Vat - Y8]]*T_SLA[[#This Row],[(R) Qty - Y8]] -> 0 | AF15: =T_SLA[[#This Row],[(I) Monthly Cost excluding Vat - Y9]]*T_SLA[[#This Row],[(S) Qty - Y9]] -> 0 | AG15: =T_SLA[[#This Row],[(J) Monthly Cost excluding Vat - Y10]]*T_SLA[[#This Row],[(T) Qty - Y10]] -> 0 | AH15: =SUM(T_SLA[[#This Row],[(U) Total Cost Excluding Vat - Y1 (A*K)]:[(DD) Total Cost Excluding Vat - Y10 (J*T)]]) -> 0
A16: Fixed Monthly Pricing to maintain the SLA as required In Scope of work including providing all the Reports and tasks as provided | B16: DUR | C16: Monthly | N16: 12 | O16: 12 | P16: 12 | Q16: 12 | R16: 12 | S16: 12 | T16: 12 | U16: 12 | V16: 12 | W16: 12 | X16: =T_SLA[[#This Row],[(K) Qty - Y1]]*T_SLA[[#This Row],[(A) Monthly Cost excluding Vat - Y1]] -> 0 | Y16: =T_SLA[[#This Row],[(B) Monthly Cost excluding Vat - Y2]]*T_SLA[[#This Row],[(L) Qty - Y2]] -> 0 | Z16: =T_SLA[[#This Row],[(C) Monthly Cost excluding Vat - Y3]]*T_SLA[[#This Row],[(M) Qty - Y3]] -> 0 | AA16: =T_SLA[[#This Row],[(D) Monthly Cost excluding Vat - Y4]]*T_SLA[[#This Row],[(N) Qty - Y4]] -> 0 | AB16: =T_SLA[[#This Row],[(E) Monthly Cost excluding Vat - Y5]]*T_SLA[[#This Row],[(O) Qty - Y5]] -> 0 | AC16: =T_SLA[[#This Row],[(F) Monthly Cost excluding Vat - Y6]]*T_SLA[[#This Row],[(P) Qty - Y6]] -> 0 | AD16: =T_SLA[[#This Row],[(G) Monthly Cost excluding Vat - Y7]]*T_SLA[[#This Row],[(Q) Qty - Y7]] -> 0 | AE16: =T_SLA[[#This Row],[(H) Monthly Cost excluding Vat - Y8]]*T_SLA[[#This Row],[(R) Qty - Y8]] -> 0 | AF16: =T_SLA[[#This Row],[(I) Monthly Cost excluding Vat - Y9]]*T_SLA[[#This Row],[(S) Qty - Y9]] -> 0 | AG16: =T_SLA[[#This Row],[(J) Monthly Cost excluding Vat - Y10]]*T_SLA[[#This Row],[(T) Qty - Y10]] -> 0 | AH16: =SUM(T_SLA[[#This Row],[(U) Total Cost Excluding Vat - Y1 (A*K)]:[(DD) Total Cost Excluding Vat - Y10 (J*T)]]) -> 0
A17: Fixed Monthly Pricing to maintain the SLA as required In Scope of work including providing all the Reports and tasks as provided | B17: PLZ | C17: Monthly | N17: 12 | O17: 12 | P17: 12 | Q17: 12 | R17: 12 | S17: 12 | T17: 12 | U17: 12 | V17: 12 | W17: 12 | X17: =T_SLA[[#This Row],[(K) Qty - Y1]]*T_SLA[[#This Row],[(A) Monthly Cost excluding Vat - Y1]] -> 0 | Y17: =T_SLA[[#This Row],[(B) Monthly Cost excluding Vat - Y2]]*T_SLA[[#This Row],[(L) Qty - Y2]] -> 0 | Z17: =T_SLA[[#This Row],[(C) Monthly Cost excluding Vat - Y3]]*T_SLA[[#This Row],[(M) Qty - Y3]] -> 0 | AA17: =T_SLA[[#This Row],[(D) Monthly Cost excluding Vat - Y4]]*T_SLA[[#This Row],[(N) Qty - Y4]] -> 0 | AB17: =T_SLA[[#This Row],[(E) Monthly Cost excluding Vat - Y5]]*T_SLA[[#This Row],[(O) Qty - Y5]] -> 0 | AC17: =T_SLA[[#This Row],[(F) Monthly Cost excluding Vat - Y6]]*T_SLA[[#This Row],[(P) Qty - Y6]] -> 0 | AD17: =T_SLA[[#This Row],[(G) Monthly Cost excluding Vat - Y7]]*T_SLA[[#This Row],[(Q) Qty - Y7]] -> 0 | AE17: =T_SLA[[#This Row],[(H) Monthly Cost excluding Vat - Y8]]*T_SLA[[#This Row],[(R) Qty - Y8]] -> 0 | AF17: =T_SLA[[#This Row],[(I) Monthly Cost excluding Vat - Y9]]*T_SLA[[#This Row],[(S) Qty - Y9]] -> 0 | AG17: =T_SLA[[#This Row],[(J) Monthly Cost excluding Vat - Y10]]*T_SLA[[#This Row],[(T) Qty - Y10]] -> 0 | AH17: =SUM(T_SLA[[#This Row],[(U) Total Cost Excluding Vat - Y1 (A*K)]:[(DD) Total Cost Excluding Vat - Y10 (J*T)]]) -> 0
A18: Fixed Monthly Pricing to maintain the SLA as required In Scope of work including providing all the Reports and tasks as provided | B18: ELS | C18: Monthly | N18: 12 | O18: 12 | P18: 12 | Q18: 12 | R18: 12 | S18: 12 | T18: 12 | U18: 12 | V18: 12 | W18: 12 | X18: =T_SLA[[#This Row],[(K) Qty - Y1]]*T_SLA[[#This Row],[(A) Monthly Cost excluding Vat - Y1]] -> 0 | Y18: =T_SLA[[#This Row],[(B) Monthly Cost excluding Vat - Y2]]*T_SLA[[#This Row],[(L) Qty - Y2]] -> 0 | Z18: =T_SLA[[#This Row],[(C) Monthly Cost excluding Vat - Y3]]*T_SLA[[#This Row],[(M) Qty - Y3]] -> 0 | AA18: =T_SLA[[#This Row],[(D) Monthly Cost excluding Vat - Y4]]*T_SLA[[#This Row],[(N) Qty - Y4]] -> 0 | AB18: =T_SLA[[#This Row],[(E) Monthly Cost excluding Vat - Y5]]*T_SLA[[#This Row],[(O) Qty - Y5]] -> 0 | AC18: =T_SLA[[#This Row],[(F) Monthly Cost excluding Vat - Y6]]*T_SLA[[#This Row],[(P) Qty - Y6]] -> 0 | AD18: =T_SLA[[#This Row],[(G) Monthly Cost excluding Vat - Y7]]*T_SLA[[#This Row],[(Q) Qty - Y7]] -> 0 | AE18: =T_SLA[[#This Row],[(H) Monthly Cost excluding Vat - Y8]]*T_SLA[[#This Row],[(R) Qty - Y8]] -> 0 | AF18: =T_SLA[[#This Row],[(I) Monthly Cost excluding Vat - Y9]]*T_SLA[[#This Row],[(S) Qty - Y9]] -> 0 | AG18: =T_SLA[[#This Row],[(J) Monthly Cost excluding Vat - Y10]]*T_SLA[[#This Row],[(T) Qty - Y10]] -> 0 | AH18: =SUM(T_SLA[[#This Row],[(U) Total Cost Excluding Vat - Y1 (A*K)]:[(DD) Total Cost Excluding Vat - Y10 (J*T)]]) -> 0
A19: Fixed Monthly Pricing to maintain the SLA as required In Scope of work including providing all the Reports and tasks as provided | B19: GRJ | C19: Monthly | N19: 12 | O19: 12 | P19: 12 | Q19: 12 | R19: 12 | S19: 12 | T19: 12 | U19: 12 | V19: 12 | W19: 12 | X19: =T_SLA[[#This Row],[(K) Qty - Y1]]*T_SLA[[#This Row],[(A) Monthly Cost excluding Vat - Y1]] -> 0 | Y19: =T_SLA[[#This Row],[(B) Monthly Cost excluding Vat - Y2]]*T_SLA[[#This Row],[(L) Qty - Y2]] -> 0 | Z19: =T_SLA[[#This Row],[(C) Monthly Cost excluding Vat - Y3]]*T_SLA[[#This Row],[(M) Qty - Y3]] -> 0 | AA19: =T_SLA[[#This Row],[(D) Monthly Cost excluding Vat - Y4]]*T_SLA[[#This Row],[(N) Qty - Y4]] -> 0 | AB19: =T_SLA[[#This Row],[(E) Monthly Cost excluding Vat - Y5]]*T_SLA[[#This Row],[(O) Qty - Y5]] -> 0 | AC19: =T_SLA[[#This Row],[(F) Monthly Cost excluding Vat - Y6]]*T_SLA[[#This Row],[(P) Qty - Y6]] -> 0 | AD19: =T_SLA[[#This Row],[(G) Monthly Cost excluding Vat - Y7]]*T_SLA[[#This Row],[(Q) Qty - Y7]] -> 0 | AE19: =T_SLA[[#This Row],[(H) Monthly Cost excluding Vat - Y8]]*T_SLA[[#This Row],[(R) Qty - Y8]] -> 0 | AF19: =T_SLA[[#This Row],[(I) Monthly Cost excluding Vat - Y9]]*T_SLA[[#This Row],[(S) Qty - Y9]] -> 0 | AG19: =T_SLA[[#This Row],[(J) Monthly Cost excluding Vat - Y10]]*T_SLA[[#This Row],[(T) Qty - Y10]] -> 0 | AH19: =SUM(T_SLA[[#This Row],[(U) Total Cost Excluding Vat - Y1 (A*K)]:[(DD) Total Cost Excluding Vat - Y10 (J*T)]]) -> 0
A20: Fixed Monthly Pricing to maintain the SLA as required In Scope of work including providing all the Reports and tasks as provided | B20: BFN | C20: Monthly | N20: 12 | O20: 12 | P20: 12 | Q20: 12 | R20: 12 | S20: 12 | T20: 12 | U20: 12 | V20: 12 | W20: 12 | X20: =T_SLA[[#This Row],[(K) Qty - Y1]]*T_SLA[[#This Row],[(A) Monthly Cost excluding Vat - Y1]] -> 0 | Y20: =T_SLA[[#This Row],[(B) Monthly Cost excluding Vat - Y2]]*T_SLA[[#This Row],[(L) Qty - Y2]] -> 0 | Z20: =T_SLA[[#This Row],[(C) Monthly Cost excluding Vat - Y3]]*T_SLA[[#This Row],[(M) Qty - Y3]] -> 0 | AA20: =T_SLA[[#This Row],[(D) Monthly Cost excluding Vat - Y4]]*T_SLA[[#This Row],[(N) Qty - Y4]] -> 0 | AB20: =T_SLA[[#This Row],[(E) Monthly Cost excluding Vat - Y5]]*T_SLA[[#This Row],[(O) Qty - Y5]] -> 0 | AC20: =T_SLA[[#This Row],[(F) Monthly Cost excluding Vat - Y6]]*T_SLA[[#This Row],[(P) Qty - Y6]] -> 0 | AD20: =T_SLA[[#This Row],[(G) Monthly Cost excluding Vat - Y7]]*T_SLA[[#This Row],[(Q) Qty - Y7]] -> 0 | AE20: =T_SLA[[#This Row],[(H) Monthly Cost excluding Vat - Y8]]*T_SLA[[#This Row],[(R) Qty - Y8]] -> 0 | AF20: =T_SLA[[#This Row],[(I) Monthly Cost excluding Vat - Y9]]*T_SLA[[#This Row],[(S) Qty - Y9]] -> 0 | AG20: =T_SLA[[#This Row],[(J) Monthly Cost excluding Vat - Y10]]*T_SLA[[#This Row],[(T) Qty - Y10]] -> 0 | AH20: =SUM(T_SLA[[#This Row],[(U) Total Cost Excluding Vat - Y1 (A*K)]:[(DD) Total Cost Excluding Vat - Y10 (J*T)]]) -> 0
A21: Fixed Monthly Pricing to maintain the SLA as required In Scope of work including providing all the Reports and tasks as provided | B21: KIM | C21: Monthly | N21: 12 | O21: 12 | P21: 12 | Q21: 12 | R21: 12 | S21: 12 | T21: 12 | U21: 12 | V21: 12 | W21: 12 | X21: =T_SLA[[#This Row],[(K) Qty - Y1]]*T_SLA[[#This Row],[(A) Monthly Cost excluding Vat - Y1]] -> 0 | Y21: =T_SLA[[#This Row],[(B) Monthly Cost excluding Vat - Y2]]*T_SLA[[#This Row],[(L) Qty - Y2]] -> 0 | Z21: =T_SLA[[#This Row],[(C) Monthly Cost excluding Vat - Y3]]*T_SLA[[#This Row],[(M) Qty - Y3]] -> 0 | AA21: =T_SLA[[#This Row],[(D) Monthly Cost excluding Vat - Y4]]*T_SLA[[#This Row],[(N) Qty - Y4]] -> 0 | AB21: =T_SLA[[#This Row],[(E) Monthly Cost excluding Vat - Y5]]*T_SLA[[#This Row],[(O) Qty - Y5]] -> 0 | AC21: =T_SLA[[#This Row],[(F) Monthly Cost excluding Vat - Y6]]*T_SLA[[#This Row],[(P) Qty - Y6]] -> 0 | AD21: =T_SLA[[#This Row],[(G) Monthly Cost excluding Vat - Y7]]*T_SLA[[#This Row],[(Q) Qty - Y7]] -> 0 | AE21: =T_SLA[[#This Row],[(H) Monthly Cost excluding Vat - Y8]]*T_SLA[[#This Row],[(R) Qty - Y8]] -> 0 | AF21: =T_SLA[[#This Row],[(I) Monthly Cost excluding Vat - Y9]]*T_SLA[[#This Row],[(S) Qty - Y9]] -> 0 | AG21: =T_SLA[[#This Row],[(J) Monthly Cost excluding Vat - Y10]]*T_SLA[[#This Row],[(T) Qty - Y10]] -> 0 | AH21: =SUM(T_SLA[[#This Row],[(U) Total Cost Excluding Vat - Y1 (A*K)]:[(DD) Total Cost Excluding Vat - Y10 (J*T)]]) -> 0
A22: Fixed Monthly Pricing to maintain the SLA as required In Scope of work including providing all the Reports and tasks as provided | B22: UTN | C22: Monthly | N22: 12 | O22: 12 | P22: 12 | Q22: 12 | R22: 12 | S22: 12 | T22: 12 | U22: 12 | V22: 12 | W22: 12 | X22: =T_SLA[[#This Row],[(K) Qty - Y1]]*T_SLA[[#This Row],[(A) Monthly Cost excluding Vat - Y1]] -> 0 | Y22: =T_SLA[[#This Row],[(B) Monthly Cost excluding Vat - Y2]]*T_SLA[[#This Row],[(L) Qty - Y2]] -> 0 | Z22: =T_SLA[[#This Row],[(C) Monthly Cost excluding Vat - Y3]]*T_SLA[[#This Row],[(M) Qty - Y3]] -> 0 | AA22: =T_SLA[[#This Row],[(D) Monthly Cost excluding Vat - Y4]]*T_SLA[[#This Row],[(N) Qty - Y4]] -> 0 | AB22: =T_SLA[[#This Row],[(E) Monthly Cost excluding Vat - Y5]]*T_SLA[[#This Row],[(O) Qty - Y5]] -> 0 | AC22: =T_SLA[[#This Row],[(F) Monthly Cost excluding Vat - Y6]]*T_SLA[[#This Row],[(P) Qty - Y6]] -> 0 | AD22: =T_SLA[[#This Row],[(G) Monthly Cost excluding Vat - Y7]]*T_SLA[[#This Row],[(Q) Qty - Y7]] -> 0 | AE22: =T_SLA[[#This Row],[(H) Monthly Cost excluding Vat - Y8]]*T_SLA[[#This Row],[(R) Qty - Y8]] -> 0 | AF22: =T_SLA[[#This Row],[(I) Monthly Cost excluding Vat - Y9]]*T_SLA[[#This Row],[(S) Qty - Y9]] -> 0 | AG22: =T_SLA[[#This Row],[(J) Monthly Cost excluding Vat - Y10]]*T_SLA[[#This Row],[(T) Qty - Y10]] -> 0 | AH22: =SUM(T_SLA[[#This Row],[(U) Total Cost Excluding Vat - Y1 (A*K)]:[(DD) Total Cost Excluding Vat - Y10 (J*T)]]) -> 0
A23: Total | X23: =SUBTOTAL(109,T_SLA[(U) Total Cost Excluding Vat - Y1 (A*K)]) -> 0 | Y23: =SUBTOTAL(109,T_SLA[(V) Total Cost Excluding Vat - Y2 (B*L)]) -> 0 | Z23: =SUBTOTAL(109,T_SLA[(W) Total Cost Excluding Vat - Y3 (C*M)]) -> 0 | AA23: =SUBTOTAL(109,T_SLA[(X) Total Cost Excluding Vat - Y4 (D*N)]) -> 0 | AB23: =SUBTOTAL(109,T_SLA[(Y) Total Cost Excluding Vat - Y5 (E*O)]) -> 0 | AC23: =SUBTOTAL(109,T_SLA[(Z) Total Cost Excluding Vat - Y6 (F*P)]) -> 0 | AD23: =SUBTOTAL(109,T_SLA[(AA) Total Cost Excluding Vat - Y7 (G*Q)]) -> 0 | AE23: =SUBTOTAL(109,T_SLA[(BB) Total Cost Excluding Vat - Y8 (H*R)]) -> 0 | AF23: =SUBTOTAL(109,T_SLA[(CC) Total Cost Excluding Vat - Y9 (I*S)]) -> 0 | AG23: =SUBTOTAL(109,T_SLA[(DD) Total Cost Excluding Vat - Y10 (J*T)]) -> 0 | AH23: =SUBTOTAL(109,T_SLA[(EE) Total Cost Excluding VAT]) -> 0

Sheet Software maintenance
A1: Annexure I Annual Software Licencing
A5: Notes:
A6: Pricing will be fixed for the duration of the contact. - No further CPI increases
A7: Only Fill in Columns in Green
A10: Description | B10: Site | C10: UOM | D10: (A) Annual Cost excluding Vat - Y1 | E10: (B) Annual Cost excluding Vat - Y2 | F10: (C) Annual Cost excluding Vat - Y3 | G10: (D) Annual Cost excluding Vat - Y4 | H10: (E) Annual Cost excluding Vat - Y5 | I10: (F) Annual Cost excluding Vat - Y6 | J10: (G) Annual Cost excluding Vat - Y7 | K10: (H) Annual Cost excluding Vat - Y8 | L10: (I) Annual Cost excluding Vat - Y9 | M10: (J) Annual Cost excluding Vat - Y10 | N10: (K) Qty - Y1 | O10: (L) Qty - Y2 | P10: (M) Qty - Y3 | Q10: (N) Qty - Y4 | R10: (O) Qty - Y5 | S10: (P) Qty - Y6 | T10: (Q) Qty - Y7 | U10: (R) Qty - Y8 | V10: (S) Qty - Y9 | W10: (T) Qty - Y10 | X10: (U) Total Cost Excluding Vat - Y1 (A*K) | Y10: (V) Total Cost Excluding Vat - Y2 (B*L) | Z10: (W) Total Cost Excluding Vat - Y3 (C*M) | AA10: (X) Total Cost Excluding Vat - Y4 (D*N) | AB10: (Y) Total Cost Excluding Vat - Y5 (E*O) | AC10: (Z) Total Cost Excluding Vat - Y6 (F*P) | AD10: (AA) Total Cost Excluding Vat - Y7 (G*Q) | AE10: (BB) Total Cost Excluding Vat - Y8 (H*R) | AF10: (CC) Total Cost Excluding Vat - Y9 (I*S) | AG10: (DD) Total Cost Excluding Vat - Y10 (J*T) | AH10: (EE) Total Cost Excluding VAT
A11: Software maintenance and licensing | B11: ALL | C11: Annual | N11: 1 | O11: 1 | P11: 1 | Q11: 1 | R11: 1 | S11: 1 | T11: 1 | U11: 1 | V11: 1 | W11: 1 | X11: =T_SOFT[[#This Row],[(K) Qty - Y1]]*T_SOFT[[#This Row],[(A) Annual Cost excluding Vat - Y1]] -> 0 | Y11: =T_SOFT[[#This Row],[(B) Annual Cost excluding Vat - Y2]]*T_SOFT[[#This Row],[(L) Qty - Y2]] -> 0 | Z11: =T_SOFT[[#This Row],[(C) Annual Cost excluding Vat - Y3]]*T_SOFT[[#This Row],[(M) Qty - Y3]] -> 0 | AA11: =T_SOFT[[#This Row],[(D) Annual Cost excluding Vat - Y4]]*T_SOFT[[#This Row],[(N) Qty - Y4]] -> 0 | AB11: =T_SOFT[[#This Row],[(E) Annual Cost excluding Vat - Y5]]*T_SOFT[[#This Row],[(O) Qty - Y5]] -> 0 | AC11: =T_SOFT[[#This Row],[(F) Annual Cost excluding Vat - Y6]]*T_SOFT[[#This Row],[(P) Qty - Y6]] -> 0 | AD11: =T_SOFT[[#This Row],[(G) Annual Cost excluding Vat - Y7]]*T_SOFT[[#This Row],[(Q) Qty - Y7]] -> 0 | AE11: =T_SOFT[[#This Row],[(H) Annual Cost excluding Vat - Y8]]*T_SOFT[[#This Row],[(R) Qty - Y8]] -> 0 | AF11: =T_SOFT[[#This Row],[(I) Annual Cost excluding Vat - Y9]]*T_SOFT[[#This Row],[(S) Qty - Y9]] -> 0 | AG11: =T_SOFT[[#This Row],[(J) Annual Cost excluding Vat - Y10]]*T_SOFT[[#This Row],[(T) Qty - Y10]] -> 0 | AH11: =SUM(T_SOFT[[#This Row],[(U) Total Cost Excluding Vat - Y1 (A*K)]:[(DD) Total Cost Excluding Vat - Y10 (J*T)]]) -> 0
A12: Total | X12: =SUBTOTAL(109,T_SOFT[(U) Total Cost Excluding Vat - Y1 (A*K)]) -> 0 | Y12: =SUBTOTAL(109,T_SOFT[(V) Total Cost Excluding Vat - Y2 (B*L)]) -> 0 | Z12: =SUBTOTAL(109,T_SOFT[(W) Total Cost Excluding Vat - Y3 (C*M)]) -> 0 | AA12: =SUBTOTAL(109,T_SOFT[(X) Total Cost Excluding Vat - Y4 (D*N)]) -> 0 | AB12: =SUBTOTAL(109,T_SOFT[(Y) Total Cost Excluding Vat - Y5 (E*O)]) -> 0 | AC12: =SUBTOTAL(109,T_SOFT[(Z) Total Cost Excluding Vat - Y6 (F*P)]) -> 0 | AD12: =SUBTOTAL(109,T_SOFT[(AA) Total Cost Excluding Vat - Y7 (G*Q)]) -> 0 | AE12: =SUBTOTAL(109,T_SOFT[(BB) Total Cost Excluding Vat - Y8 (H*R)]) -> 0 | AF12: =SUBTOTAL(109,T_SOFT[(CC) Total Cost Excluding Vat - Y9 (I*S)]) -> 0 | AG12: =SUBTOTAL(109,T_SOFT[(DD) Total Cost Excluding Vat - Y10 (J*T)]) -> 0 | AH12: =SUBTOTAL(109,T_SOFT[(EE) Total Cost Excluding VAT]) -> 0

Sheet Hardware maintenance
A1: Annexure I Annual Hardware maintenance
A5: Notes:
A6: Use your own preventative maintenance plan as well as all the requirements in the SOW (Annexure A) for determining the costs
A7: Use the Baseline Information in Scope of Work to scope the environment that needs to be maintained.
A8: Pricing will be fixed for the duration of the contact. - No further CPI increases
A9: Pricing must include all Spares required. As per the SOW
A10: NOTE Spares must be kept at the minimum level ALL the time. Spares must be replenished within 4 weeks
A11: Only Fill in Columns in Green
A14: Description | B14: Site | C14: UOM | D14: (A) Annual Cost excluding Vat - Y1 | E14: (B) Annual Cost excluding Vat - Y2 | F14: (C) Annual Cost excluding Vat - Y3 | G14: (D) Annual Cost excluding Vat - Y4 | H14: (E) Annual Cost excluding Vat - Y5 | I14: (F) Annual Cost excluding Vat - Y6 | J14: (G) Annual Cost excluding Vat - Y7 | K14: (H) Annual Cost excluding Vat - Y8 | L14: (I) Annual Cost excluding Vat - Y9 | M14: (J) Annual Cost excluding Vat - Y10 | N14: (K) Qty - Y1 | O14: (L) Qty - Y2 | P14: (M) Qty - Y3 | Q14: (N) Qty - Y4 | R14: (O) Qty - Y5 | S14: (P) Qty - Y6 | T14: (Q) Qty - Y7 | U14: (R) Qty - Y8 | V14: (S) Qty - Y9 | W14: (T) Qty - Y10 | X14: (U) Total Cost Excluding Vat - Y1 (A*K) | Y14: (V) Total Cost Excluding Vat - Y2 (B*L) | Z14: (W) Total Cost Excluding Vat - Y3 (C*M) | AA14: (X) Total Cost Excluding Vat - Y4 (D*N) | AB14: (Y) Total Cost Excluding Vat - Y5 (E*O) | AC14: (Z) Total Cost Excluding Vat - Y6 (F*P) | AD14: (AA) Total Cost Excluding Vat - Y7 (G*Q) | AE14: (BB) Total Cost Excluding Vat - Y8 (H*R) | AF14: (CC) Total Cost Excluding Vat - Y9 (I*S) | AG14: (DD) Total Cost Excluding Vat - Y10 (J*T) | AH14: (EE) Total Cost Excluding VAT
A15: Hardware maintenance | B15: ALL | C15: Annual | N15: 1 | O15: 1 | P15: 1 | Q15: 1 | R15: 1 | S15: 1 | T15: 1 | U15: 1 | V15: 1 | W15: 1 | X15: =T_HW[[#This Row],[(K) Qty - Y1]]*T_HW[[#This Row],[(A) Annual Cost excluding Vat - Y1]] -> 0 | Y15: =T_HW[[#This Row],[(B) Annual Cost excluding Vat - Y2]]*T_HW[[#This Row],[(L) Qty - Y2]] -> 0 | Z15: =T_HW[[#This Row],[(C) Annual Cost excluding Vat - Y3]]*T_HW[[#This Row],[(M) Qty - Y3]] -> 0 | AA15: =T_HW[[#This Row],[(D) Annual Cost excluding Vat - Y4]]*T_HW[[#This Row],[(N) Qty - Y4]] -> 0 | AB15: =T_HW[[#This Row],[(E) Annual Cost excluding Vat - Y5]]*T_HW[[#This Row],[(O) Qty - Y5]] -> 0 | AC15: =T_HW[[#This Row],[(F) Annual Cost excluding Vat - Y6]]*T_HW[[#This Row],[(P) Qty - Y6]] -> 0 | AD15: =T_HW[[#This Row],[(G) Annual Cost excluding Vat - Y7]]*T_HW[[#This Row],[(Q) Qty - Y7]] -> 0 | AE15: =T_HW[[#This Row],[(H) Annual Cost excluding Vat - Y8]]*T_HW[[#This Row],[(R) Qty - Y8]] -> 0 | AF15: =T_HW[[#This Row],[(I) Annual Cost excluding Vat - Y9]]*T_HW[[#This Row],[(S) Qty - Y9]] -> 0 | AG15: =T_HW[[#This Row],[(J) Annual Cost excluding Vat - Y10]]*T_HW[[#This Row],[(T) Qty - Y10]] -> 0 | AH15: =SUM(T_HW[[#This Row],[(U) Total Cost Excluding Vat - Y1 (A*K)]:[(DD) Total Cost Excluding Vat - Y10 (J*T)]]) -> 0
A16: Total | X16: =SUBTOTAL(109,T_HW[(U) Total Cost Excluding Vat - Y1 (A*K)]) -> 0 | Y16: =SUBTOTAL(109,T_HW[(V) Total Cost Excluding Vat - Y2 (B*L)]) -> 0 | Z16: =SUBTOTAL(109,T_HW[(W) Total Cost Excluding Vat - Y3 (C*M)]) -> 0 | AA16: =SUBTOTAL(109,T_HW[(X) Total Cost Excluding Vat - Y4 (D*N)]) -> 0 | AB16: =SUBTOTAL(109,T_HW[(Y) Total Cost Excluding Vat - Y5 (E*O)]) -> 0 | AC16: =SUBTOTAL(109,T_HW[(Z) Total Cost Excluding Vat - Y6 (F*P)]) -> 0 | AD16: =SUBTOTAL(109,T_HW[(AA) Total Cost Excluding Vat - Y7 (G*Q)]) -> 0 | AE16: =SUBTOTAL(109,T_HW[(BB) Total Cost Excluding Vat - Y8 (H*R)]) -> 0 | AF16: =SUBTOTAL(109,T_HW[(CC) Total Cost Excluding Vat - Y9 (I*S)]) -> 0 | AG16: =SUBTOTAL(109,T_HW[(DD) Total Cost Excluding Vat - Y10 (J*T)]) -> 0 | AH16: =SUBTOTAL(109,T_HW[(EE) Total Cost Excluding VAT]) -> 0

Sheet Other Costs - once off
A1: Annexure I Other Costs - ONCE OFF
A5: Notes:
A6: Us this table to add any other ONCE OFF costs that might be nesessesary
A7: Only Fill in Columns in Green
A10: Description | B10: Site | C10: UOM | D10: (A) Annual Cost excluding Vat - Y1 | E10: (B) Annual Cost excluding Vat - Y2 | F10: (C) Annual Cost excluding Vat - Y3 | G10: (D) Annual Cost excluding Vat - Y4 | H10: (E) Annual Cost excluding Vat - Y5 | I10: (F) Annual Cost excluding Vat - Y6 | J10: (G) Annual Cost excluding Vat - Y7 | K10: (H) Annual Cost excluding Vat - Y8 | L10: (I) Annual Cost excluding Vat - Y9 | M10: (J) Annual Cost excluding Vat - Y10 | N10: (K) Qty - Y1 | O10: (L) Qty - Y2 | P10: (M) Qty - Y3 | Q10: (N) Qty - Y4 | R10: (O) Qty - Y5 | S10: (P) Qty - Y6 | T10: (Q) Qty - Y7 | U10: (R) Qty - Y8 | V10: (S) Qty - Y9 | W10: (T) Qty - Y10 | X10: (U) Total Cost Excluding Vat - Y1 (A*K) | Y10: (V) Total Cost Excluding Vat - Y2 (B*L) | Z10: (W) Total Cost Excluding Vat - Y3 (C*M) | AA10: (X) Total Cost Excluding Vat - Y4 (D*N) | AB10: (Y) Total Cost Excluding Vat - Y5 (E*O) | AC10: (Z) Total Cost Excluding Vat - Y6 (F*P) | AD10: (AA) Total Cost Excluding Vat - Y7 (G*Q) | AE10: (BB) Total Cost Excluding Vat - Y8 (H*R) | AF10: (CC) Total Cost Excluding Vat - Y9 (I*S) | AG10: (DD) Total Cost Excluding Vat - Y10 (J*T) | AH10: (EE) Total Cost Excluding VAT
N11: 1 | O11: 1 | P11: 1 | Q11: 1 | R11: 1 | S11: 1 | T11: 1 | U11: 1 | V11: 1 | W11: 1 | X11: =T_OTHER_OO[[#This Row],[(K) Qty - Y1]]*T_OTHER_OO[[#This Row],[(A) Annual Cost excluding Vat - Y1]] -> 0 | Y11: =T_OTHER_OO[[#This Row],[(B) Annual Cost excluding Vat - Y2]]*T_OTHER_OO[[#This Row],[(L) Qty - Y2]] -> 0 | Z11: =T_OTHER_OO[[#This Row],[(C) Annual Cost excluding Vat - Y3]]*T_OTHER_OO[[#This Row],[(M) Qty - Y3]] -> 0 | AA11: =T_OTHER_OO[[#This Row],[(D) Annual Cost excluding Vat - Y4]]*T_OTHER_OO[[#This Row],[(N) Qty - Y4]] -> 0 | AB11: =T_OTHER_OO[[#This Row],[(E) Annual Cost excluding Vat - Y5]]*T_OTHER_OO[[#This Row],[(O) Qty - Y5]] -> 0 | AC11: =T_OTHER_OO[[#This Row],[(F) Annual Cost excluding Vat - Y6]]*T_OTHER_OO[[#This Row],[(P) Qty - Y6]] -> 0 | AD11: =T_OTHER_OO[[#This Row],[(G) Annual Cost excluding Vat - Y7]]*T_OTHER_OO[[#This Row],[(Q) Qty - Y7]] -> 0 | AE11: =T_OTHER_OO[[#This Row],[(H) Annual Cost excluding Vat - Y8]]*T_OTHER_OO[[#This Row],[(R) Qty - Y8]] -> 0 | AF11: =T_OTHER_OO[[#This Row],[(I) Annual Cost excluding Vat - Y9]]*T_OTHER_OO[[#This Row],[(S) Qty - Y9]] -> 0 | AG11: =T_OTHER_OO[[#This Row],[(J) Annual Cost excluding Vat - Y10]]*T_OTHER_OO[[#This Row],[(T) Qty - Y10]] -> 0 | AH11: =SUM(T_OTHER_OO[[#This Row],[(U) Total Cost Excluding Vat - Y1 (A*K)]:[(DD) Total Cost Excluding Vat - Y10 (J*T)]]) -> 0
X12: =T_OTHER_OO[[#This Row],[(K) Qty - Y1]]*T_OTHER_OO[[#This Row],[(A) Annual Cost excluding Vat - Y1]] -> 0 | Y12: =T_OTHER_OO[[#This Row],[(B) Annual Cost excluding Vat - Y2]]*T_OTHER_OO[[#This Row],[(L) Qty - Y2]] -> 0 | Z12: =T_OTHER_OO[[#This Row],[(C) Annual Cost excluding Vat - Y3]]*T_OTHER_OO[[#This Row],[(M) Qty - Y3]] -> 0 | AA12: =T_OTHER_OO[[#This Row],[(D) Annual Cost excluding Vat - Y4]]*T_OTHER_OO[[#This Row],[(N) Qty - Y4]] -> 0 | AB12: =T_OTHER_OO[[#This Row],[(E) Annual Cost excluding Vat - Y5]]*T_OTHER_OO[[#This Row],[(O) Qty - Y5]] -> 0 | AC12: =T_OTHER_OO[[#This Row],[(F) Annual Cost excluding Vat - Y6]]*T_OTHER_OO[[#This Row],[(P) Qty - Y6]] -> 0 | AD12: =T_OTHER_OO[[#This Row],[(G) Annual Cost excluding Vat - Y7]]*T_OTHER_OO[[#This Row],[(Q) Qty - Y7]] -> 0 | AE12: =T_OTHER_OO[[#This Row],[(H) Annual Cost excluding Vat - Y8]]*T_OTHER_OO[[#This Row],[(R) Qty - Y8]] -> 0 | AF12: =T_OTHER_OO[[#This Row],[(I) Annual Cost excluding Vat - Y9]]*T_OTHER_OO[[#This Row],[(S) Qty - Y9]] -> 0 | AG12: =T_OTHER_OO[[#This Row],[(J) Annual Cost excluding Vat - Y10]]*T_OTHER_OO[[#This Row],[(T) Qty - Y10]] -> 0 | AH12: =SUM(T_OTHER_OO[[#This Row],[(U) Total Cost Excluding Vat - Y1 (A*K)]:[(DD) Total Cost Excluding Vat - Y10 (J*T)]]) -> 0
X13: =T_OTHER_OO[[#This Row],[(K) Qty - Y1]]*T_OTHER_OO[[#This Row],[(A) Annual Cost excluding Vat - Y1]] -> 0 | Y13: =T_OTHER_OO[[#This Row],[(B) Annual Cost excluding Vat - Y2]]*T_OTHER_OO[[#This Row],[(L) Qty - Y2]] -> 0 | Z13: =T_OTHER_OO[[#This Row],[(C) Annual Cost excluding Vat - Y3]]*T_OTHER_OO[[#This Row],[(M) Qty - Y3]] -> 0 | AA13: =T_OTHER_OO[[#This Row],[(D) Annual Cost excluding Vat - Y4]]*T_OTHER_OO[[#This Row],[(N) Qty - Y4]] -> 0 | AB13: =T_OTHER_OO[[#This Row],[(E) Annual Cost excluding Vat - Y5]]*T_OTHER_OO[[#This Row],[(O) Qty - Y5]] -> 0 | AC13: =T_OTHER_OO[[#This Row],[(F) Annual Cost excluding Vat - Y6]]*T_OTHER_OO[[#This Row],[(P) Qty - Y6]] -> 0 | AD13: =T_OTHER_OO[[#This Row],[(G) Annual Cost excluding Vat - Y7]]*T_OTHER_OO[[#This Row],[(Q) Qty - Y7]] -> 0 | AE13: =T_OTHER_OO[[#This Row],[(H) Annual Cost excluding Vat - Y8]]*T_OTHER_OO[[#This Row],[(R) Qty - Y8]] -> 0 | AF13: =T_OTHER_OO[[#This Row],[(I) Annual Cost excluding Vat - Y9]]*T_OTHER_OO[[#This Row],[(S) Qty - Y9]] -> 0 | AG13: =T_OTHER_OO[[#This Row],[(J) Annual Cost excluding Vat - Y10]]*T_OTHER_OO[[#This Row],[(T) Qty - Y10]] -> 0 | AH13: =SUM(T_OTHER_OO[[#This Row],[(U) Total Cost Excluding Vat - Y1 (A*K)]:[(DD) Total Cost Excluding Vat - Y10 (J*T)]]) -> 0
X14: =T_OTHER_OO[[#This Row],[(K) Qty - Y1]]*T_OTHER_OO[[#This Row],[(A) Annual Cost excluding Vat - Y1]] -> 0 | Y14: =T_OTHER_OO[[#This Row],[(B) Annual Cost excluding Vat - Y2]]*T_OTHER_OO[[#This Row],[(L) Qty - Y2]] -> 0 | Z14: =T_OTHER_OO[[#This Row],[(C) Annual Cost excluding Vat - Y3]]*T_OTHER_OO[[#This Row],[(M) Qty - Y3]] -> 0 | AA14: =T_OTHER_OO[[#This Row],[(D) Annual Cost excluding Vat - Y4]]*T_OTHER_OO[[#This Row],[(N) Qty - Y4]] -> 0 | AB14: =T_OTHER_OO[[#This Row],[(E) Annual Cost excluding Vat - Y5]]*T_OTHER_OO[[#This Row],[(O) Qty - Y5]] -> 0 | AC14: =T_OTHER_OO[[#This Row],[(F) Annual Cost excluding Vat - Y6]]*T_OTHER_OO[[#This Row],[(P) Qty - Y6]] -> 0 | AD14: =T_OTHER_OO[[#This Row],[(G) Annual Cost excluding Vat - Y7]]*T_OTHER_OO[[#This Row],[(Q) Qty - Y7]] -> 0 | AE14: =T_OTHER_OO[[#This Row],[(H) Annual Cost excluding Vat - Y8]]*T_OTHER_OO[[#This Row],[(R) Qty - Y8]] -> 0 | AF14: =T_OTHER_OO[[#This Row],[(I) Annual Cost excluding Vat - Y9]]*T_OTHER_OO[[#This Row],[(S) Qty - Y9]] -> 0 | AG14: =T_OTHER_OO[[#This Row],[(J) Annual Cost excluding Vat - Y10]]*T_OTHER_OO[[#This Row],[(T) Qty - Y10]] -> 0 | AH14: =SUM(T_OTHER_OO[[#This Row],[(U) Total Cost Excluding Vat - Y1 (A*K)]:[(DD) Total Cost Excluding Vat - Y10 (J*T)]]) -> 0
X15: =T_OTHER_OO[[#This Row],[(K) Qty - Y1]]*T_OTHER_OO[[#This Row],[(A) Annual Cost excluding Vat - Y1]] -> 0 | Y15: =T_OTHER_OO[[#This Row],[(B) Annual Cost excluding Vat - Y2]]*T_OTHER_OO[[#This Row],[(L) Qty - Y2]] -> 0 | Z15: =T_OTHER_OO[[#This Row],[(C) Annual Cost excluding Vat - Y3]]*T_OTHER_OO[[#This Row],[(M) Qty - Y3]] -> 0 | AA15: =T_OTHER_OO[[#This Row],[(D) Annual Cost excluding Vat - Y4]]*T_OTHER_OO[[#This Row],[(N) Qty - Y4]] -> 0 | AB15: =T_OTHER_OO[[#This Row],[(E) Annual Cost excluding Vat - Y5]]*T_OTHER_OO[[#This Row],[(O) Qty - Y5]] -> 0 | AC15: =T_OTHER_OO[[#This Row],[(F) Annual Cost excluding Vat - Y6]]*T_OTHER_OO[[#This Row],[(P) Qty - Y6]] -> 0 | AD15: =T_OTHER_OO[[#This Row],[(G) Annual Cost excluding Vat - Y7]]*T_OTHER_OO[[#This Row],[(Q) Qty - Y7]] -> 0 | AE15: =T_OTHER_OO[[#This Row],[(H) Annual Cost excluding Vat - Y8]]*T_OTHER_OO[[#This Row],[(R) Qty - Y8]] -> 0 | AF15: =T_OTHER_OO[[#This Row],[(I) Annual Cost excluding Vat - Y9]]*T_OTHER_OO[[#This Row],[(S) Qty - Y9]] -> 0 | AG15: =T_OTHER_OO[[#This Row],[(J) Annual Cost excluding Vat - Y10]]*T_OTHER_OO[[#This Row],[(T) Qty - Y10]] -> 0 | AH15: =SUM(T_OTHER_OO[[#This Row],[(U) Total Cost Excluding Vat - Y1 (A*K)]:[(DD) Total Cost Excluding Vat - Y10 (J*T)]]) -> 0
X16: =T_OTHER_OO[[#This Row],[(K) Qty - Y1]]*T_OTHER_OO[[#This Row],[(A) Annual Cost excluding Vat - Y1]] -> 0 | Y16: =T_OTHER_OO[[#This Row],[(B) Annual Cost excluding Vat - Y2]]*T_OTHER_OO[[#This Row],[(L) Qty - Y2]] -> 0 | Z16: =T_OTHER_OO[[#This Row],[(C) Annual Cost excluding Vat - Y3]]*T_OTHER_OO[[#This Row],[(M) Qty - Y3]] -> 0 | AA16: =T_OTHER_OO[[#This Row],[(D) Annual Cost excluding Vat - Y4]]*T_OTHER_OO[[#This Row],[(N) Qty - Y4]] -> 0 | AB16: =T_OTHER_OO[[#This Row],[(E) Annual Cost excluding Vat - Y5]]*T_OTHER_OO[[#This Row],[(O) Qty - Y5]] -> 0 | AC16: =T_OTHER_OO[[#This Row],[(F) Annual Cost excluding Vat - Y6]]*T_OTHER_OO[[#This Row],[(P) Qty - Y6]] -> 0 | AD16: =T_OTHER_OO[[#This Row],[(G) Annual Cost excluding Vat - Y7]]*T_OTHER_OO[[#This Row],[(Q) Qty - Y7]] -> 0 | AE16: =T_OTHER_OO[[#This Row],[(H) Annual Cost excluding Vat - Y8]]*T_OTHER_OO[[#This Row],[(R) Qty - Y8]] -> 0 | AF16: =T_OTHER_OO[[#This Row],[(I) Annual Cost excluding Vat - Y9]]*T_OTHER_OO[[#This Row],[(S) Qty - Y9]] -> 0 | AG16: =T_OTHER_OO[[#This Row],[(J) Annual Cost excluding Vat - Y10]]*T_OTHER_OO[[#This Row],[(T) Qty - Y10]] -> 0 | AH16: =SUM(T_OTHER_OO[[#This Row],[(U) Total Cost Excluding Vat - Y1 (A*K)]:[(DD) Total Cost Excluding Vat - Y10 (J*T)]]) -> 0
X17: =T_OTHER_OO[[#This Row],[(K) Qty - Y1]]*T_OTHER_OO[[#This Row],[(A) Annual Cost excluding Vat - Y1]] -> 0 | Y17: =T_OTHER_OO[[#This Row],[(B) Annual Cost excluding Vat - Y2]]*T_OTHER_OO[[#This Row],[(L) Qty - Y2]] -> 0 | Z17: =T_OTHER_OO[[#This Row],[(C) Annual Cost excluding Vat - Y3]]*T_OTHER_OO[[#This Row],[(M) Qty - Y3]] -> 0 | AA17: =T_OTHER_OO[[#This Row],[(D) Annual Cost excluding Vat - Y4]]*T_OTHER_OO[[#This Row],[(N) Qty - Y4]] -> 0 | AB17: =T_OTHER_OO[[#This Row],[(E) Annual Cost excluding Vat - Y5]]*T_OTHER_OO[[#This Row],[(O) Qty - Y5]] -> 0 | AC17: =T_OTHER_OO[[#This Row],[(F) Annual Cost excluding Vat - Y6]]*T_OTHER_OO[[#This Row],[(P) Qty - Y6]] -> 0 | AD17: =T_OTHER_OO[[#This Row],[(G) Annual Cost excluding Vat - Y7]]*T_OTHER_OO[[#This Row],[(Q) Qty - Y7]] -> 0 | AE17: =T_OTHER_OO[[#This Row],[(H) Annual Cost excluding Vat - Y8]]*T_OTHER_OO[[#This Row],[(R) Qty - Y8]] -> 0 | AF17: =T_OTHER_OO[[#This Row],[(I) Annual Cost excluding Vat - Y9]]*T_OTHER_OO[[#This Row],[(S) Qty - Y9]] -> 0 | AG17: =T_OTHER_OO[[#This Row],[(J) Annual Cost excluding Vat - Y10]]*T_OTHER_OO[[#This Row],[(T) Qty - Y10]] -> 0 | AH17: =SUM(T_OTHER_OO[[#This Row],[(U) Total Cost Excluding Vat - Y1 (A*K)]:[(DD) Total Cost Excluding Vat - Y10 (J*T)]]) -> 0
X18: =T_OTHER_OO[[#This Row],[(K) Qty - Y1]]*T_OTHER_OO[[#This Row],[(A) Annual Cost excluding Vat - Y1]] -> 0 | Y18: =T_OTHER_OO[[#This Row],[(B) Annual Cost excluding Vat - Y2]]*T_OTHER_OO[[#This Row],[(L) Qty - Y2]] -> 0 | Z18: =T_OTHER_OO[[#This Row],[(C) Annual Cost excluding Vat - Y3]]*T_OTHER_OO[[#This Row],[(M) Qty - Y3]] -> 0 | AA18: =T_OTHER_OO[[#This Row],[(D) Annual Cost excluding Vat - Y4]]*T_OTHER_OO[[#This Row],[(N) Qty - Y4]] -> 0 | AB18: =T_OTHER_OO[[#This Row],[(E) Annual Cost excluding Vat - Y5]]*T_OTHER_OO[[#This Row],[(O) Qty - Y5]] -> 0 | AC18: =T_OTHER_OO[[#This Row],[(F) Annual Cost excluding Vat - Y6]]*T_OTHER_OO[[#This Row],[(P) Qty - Y6]] -> 0 | AD18: =T_OTHER_OO[[#This Row],[(G) Annual Cost excluding Vat - Y7]]*T_OTHER_OO[[#This Row],[(Q) Qty - Y7]] -> 0 | AE18: =T_OTHER_OO[[#This Row],[(H) Annual Cost excluding Vat - Y8]]*T_OTHER_OO[[#This Row],[(R) Qty - Y8]] -> 0 | AF18: =T_OTHER_OO[[#This Row],[(I) Annual Cost excluding Vat - Y9]]*T_OTHER_OO[[#This Row],[(S) Qty - Y9]] -> 0 | AG18: =T_OTHER_OO[[#This Row],[(J) Annual Cost excluding Vat - Y10]]*T_OTHER_OO[[#This Row],[(T) Qty - Y10]] -> 0 | AH18: =SUM(T_OTHER_OO[[#This Row],[(U) Total Cost Excluding Vat - Y1 (A*K)]:[(DD) Total Cost Excluding Vat - Y10 (J*T)]]) -> 0
X19: =T_OTHER_OO[[#This Row],[(K) Qty - Y1]]*T_OTHER_OO[[#This Row],[(A) Annual Cost excluding Vat - Y1]] -> 0 | Y19: =T_OTHER_OO[[#This Row],[(B) Annual Cost excluding Vat - Y2]]*T_OTHER_OO[[#This Row],[(L) Qty - Y2]] -> 0 | Z19: =T_OTHER_OO[[#This Row],[(C) Annual Cost excluding Vat - Y3]]*T_OTHER_OO[[#This Row],[(M) Qty - Y3]] -> 0 | AA19: =T_OTHER_OO[[#This Row],[(D) Annual Cost excluding Vat - Y4]]*T_OTHER_OO[[#This Row],[(N) Qty - Y4]] -> 0 | AB19: =T_OTHER_OO[[#This Row],[(E) Annual Cost excluding Vat - Y5]]*T_OTHER_OO[[#This Row],[(O) Qty - Y5]] -> 0 | AC19: =T_OTHER_OO[[#This Row],[(F) Annual Cost excluding Vat - Y6]]*T_OTHER_OO[[#This Row],[(P) Qty - Y6]] -> 0 | AD19: =T_OTHER_OO[[#This Row],[(G) Annual Cost excluding Vat - Y7]]*T_OTHER_OO[[#This Row],[(Q) Qty - Y7]] -> 0 | AE19: =T_OTHER_OO[[#This Row],[(H) Annual Cost excluding Vat - Y8]]*T_OTHER_OO[[#This Row],[(R) Qty - Y8]] -> 0 | AF19: =T_OTHER_OO[[#This Row],[(I) Annual Cost excluding Vat - Y9]]*T_OTHER_OO[[#This Row],[(S) Qty - Y9]] -> 0 | AG19: =T_OTHER_OO[[#This Row],[(J) Annual Cost excluding Vat - Y10]]*T_OTHER_OO[[#This Row],[(T) Qty - Y10]] -> 0 | AH19: =SUM(T_OTHER_OO[[#This Row],[(U) Total Cost Excluding Vat - Y1 (A*K)]:[(DD) Total Cost Excluding Vat - Y10 (J*T)]]) -> 0
X20: =T_OTHER_OO[[#This Row],[(K) Qty - Y1]]*T_OTHER_OO[[#This Row],[(A) Annual Cost excluding Vat - Y1]] -> 0 | Y20: =T_OTHER_OO[[#This Row],[(B) Annual Cost excluding Vat - Y2]]*T_OTHER_OO[[#This Row],[(L) Qty - Y2]] -> 0 | Z20: =T_OTHER_OO[[#This Row],[(C) Annual Cost excluding Vat - Y3]]*T_OTHER_OO[[#This Row],[(M) Qty - Y3]] -> 0 | AA20: =T_OTHER_OO[[#This Row],[(D) Annual Cost excluding Vat - Y4]]*T_OTHER_OO[[#This Row],[(N) Qty - Y4]] -> 0 | AB20: =T_OTHER_OO[[#This Row],[(E) Annual Cost excluding Vat - Y5]]*T_OTHER_OO[[#This Row],[(O) Qty - Y5]] -> 0 | AC20: =T_OTHER_OO[[#This Row],[(F) Annual Cost excluding Vat - Y6]]*T_OTHER_OO[[#This Row],[(P) Qty - Y6]] -> 0 | AD20: =T_OTHER_OO[[#This Row],[(G) Annual Cost excluding Vat - Y7]]*T_OTHER_OO[[#This Row],[(Q) Qty - Y7]] -> 0 | AE20: =T_OTHER_OO[[#This Row],[(H) Annual Cost excluding Vat - Y8]]*T_OTHER_OO[[#This Row],[(R) Qty - Y8]] -> 0 | AF20: =T_OTHER_OO[[#This Row],[(I) Annual Cost excluding Vat - Y9]]*T_OTHER_OO[[#This Row],[(S) Qty - Y9]] -> 0 | AG20: =T_OTHER_OO[[#This Row],[(J) Annual Cost excluding Vat - Y10]]*T_OTHER_OO[[#This Row],[(T) Qty - Y10]] -> 0 | AH20: =SUM(T_OTHER_OO[[#This Row],[(U) Total Cost Excluding Vat - Y1 (A*K)]:[(DD) Total Cost Excluding Vat - Y10 (J*T)]]) -> 0
X21: =T_OTHER_OO[[#This Row],[(K) Qty - Y1]]*T_OTHER_OO[[#This Row],[(A) Annual Cost excluding Vat - Y1]] -> 0 | Y21: =T_OTHER_OO[[#This Row],[(B) Annual Cost excluding Vat - Y2]]*T_OTHER_OO[[#This Row],[(L) Qty - Y2]] -> 0 | Z21: =T_OTHER_OO[[#This Row],[(C) Annual Cost excluding Vat - Y3]]*T_OTHER_OO[[#This Row],[(M) Qty - Y3]] -> 0 | AA21: =T_OTHER_OO[[#This Row],[(D) Annual Cost excluding Vat - Y4]]*T_OTHER_OO[[#This Row],[(N) Qty - Y4]] -> 0 | AB21: =T_OTHER_OO[[#This Row],[(E) Annual Cost excluding Vat - Y5]]*T_OTHER_OO[[#This Row],[(O) Qty - Y5]] -> 0 | AC21: =T_OTHER_OO[[#This Row],[(F) Annual Cost excluding Vat - Y6]]*T_OTHER_OO[[#This Row],[(P) Qty - Y6]] -> 0 | AD21: =T_OTHER_OO[[#This Row],[(G) Annual Cost excluding Vat - Y7]]*T_OTHER_OO[[#This Row],[(Q) Qty - Y7]] -> 0 | AE21: =T_OTHER_OO[[#This Row],[(H) Annual Cost excluding Vat - Y8]]*T_OTHER_OO[[#This Row],[(R) Qty - Y8]] -> 0 | AF21: =T_OTHER_OO[[#This Row],[(I) Annual Cost excluding Vat - Y9]]*T_OTHER_OO[[#This Row],[(S) Qty - Y9]] -> 0 | AG21: =T_OTHER_OO[[#This Row],[(J) Annual Cost excluding Vat - Y10]]*T_OTHER_OO[[#This Row],[(T) Qty - Y10]] -> 0 | AH21: =SUM(T_OTHER_OO[[#This Row],[(U) Total Cost Excluding Vat - Y1 (A*K)]:[(DD) Total Cost Excluding Vat - Y10 (J*T)]]) -> 0
X22: =T_OTHER_OO[[#This Row],[(K) Qty - Y1]]*T_OTHER_OO[[#This Row],[(A) Annual Cost excluding Vat - Y1]] -> 0 | Y22: =T_OTHER_OO[[#This Row],[(B) Annual Cost excluding Vat - Y2]]*T_OTHER_OO[[#This Row],[(L) Qty - Y2]] -> 0 | Z22: =T_OTHER_OO[[#This Row],[(C) Annual Cost excluding Vat - Y3]]*T_OTHER_OO[[#This Row],[(M) Qty - Y3]] -> 0 | AA22: =T_OTHER_OO[[#This Row],[(D) Annual Cost excluding Vat - Y4]]*T_OTHER_OO[[#This Row],[(N) Qty - Y4]] -> 0 | AB22: =T_OTHER_OO[[#This Row],[(E) Annual Cost excluding Vat - Y5]]*T_OTHER_OO[[#This Row],[(O) Qty - Y5]] -> 0 | AC22: =T_OTHER_OO[[#This Row],[(F) Annual Cost excluding Vat - Y6]]*T_OTHER_OO[[#This Row],[(P) Qty - Y6]] -> 0 | AD22: =T_OTHER_OO[[#This Row],[(G) Annual Cost excluding Vat - Y7]]*T_OTHER_OO[[#This Row],[(Q) Qty - Y7]] -> 0 | AE22: =T_OTHER_OO[[#This Row],[(H) Annual Cost excluding Vat - Y8]]*T_OTHER_OO[[#This Row],[(R) Qty - Y8]] -> 0 | AF22: =T_OTHER_OO[[#This Row],[(I) Annual Cost excluding Vat - Y9]]*T_OTHER_OO[[#This Row],[(S) Qty - Y9]] -> 0 | AG22: =T_OTHER_OO[[#This Row],[(J) Annual Cost excluding Vat - Y10]]*T_OTHER_OO[[#This Row],[(T) Qty - Y10]] -> 0 | AH22: =SUM(T_OTHER_OO[[#This Row],[(U) Total Cost Excluding Vat - Y1 (A*K)]:[(DD) Total Cost Excluding Vat - Y10 (J*T)]]) -> 0
X23: =T_OTHER_OO[[#This Row],[(K) Qty - Y1]]*T_OTHER_OO[[#This Row],[(A) Annual Cost excluding Vat - Y1]] -> 0 | Y23: =T_OTHER_OO[[#This Row],[(B) Annual Cost excluding Vat - Y2]]*T_OTHER_OO[[#This Row],[(L) Qty - Y2]] -> 0 | Z23: =T_OTHER_OO[[#This Row],[(C) Annual Cost excluding Vat - Y3]]*T_OTHER_OO[[#This Row],[(M) Qty - Y3]] -> 0 | AA23: =T_OTHER_OO[[#This Row],[(D) Annual Cost excluding Vat - Y4]]*T_OTHER_OO[[#This Row],[(N) Qty - Y4]] -> 0 | AB23: =T_OTHER_OO[[#This Row],[(E) Annual Cost excluding Vat - Y5]]*T_OTHER_OO[[#This Row],[(O) Qty - Y5]] -> 0 | AC23: =T_OTHER_OO[[#This Row],[(F) Annual Cost excluding Vat - Y6]]*T_OTHER_OO[[#This Row],[(P) Qty - Y6]] -> 0 | AD23: =T_OTHER_OO[[#This Row],[(G) Annual Cost excluding Vat - Y7]]*T_OTHER_OO[[#This Row],[(Q) Qty - Y7]] -> 0 | AE23: =T_OTHER_OO[[#This Row],[(H) Annual Cost excluding Vat - Y8]]*T_OTHER_OO[[#This Row],[(R) Qty - Y8]] -> 0 | AF23: =T_OTHER_OO[[#This Row],[(I) Annual Cost excluding Vat - Y9]]*T_OTHER_OO[[#This Row],[(S) Qty - Y9]] -> 0 | AG23: =T_OTHER_OO[[#This Row],[(J) Annual Cost excluding Vat - Y10]]*T_OTHER_OO[[#This Row],[(T) Qty - Y10]] -> 0 | AH23: =SUM(T_OTHER_OO[[#This Row],[(U) Total Cost Excluding Vat - Y1 (A*K)]:[(DD) Total Cost Excluding Vat - Y10 (J*T)]]) -> 0
... X43: =T_OTHER_OO[[#This Row],[(K) Qty - Y1]]*T_OTHER_OO[[#This Row],[(A) Annual Cost excluding Vat - Y1]] -> 0 | Y43: =T_OTHER_OO[[#This Row],[(B) Annual Cost excluding Vat - Y2]]*T_OTHER_OO[[#This Row],[(L) Qty - Y2]] -> 0 | Z43: =T_OTHER_OO[[#This Row],[(C) Annual Cost excluding Vat - Y3]]*T_OTHER_OO[[#This Row],[(M) Qty - Y3]] -> 0 | AA43: =T_OTHER_OO[[#This Row],[(D) Annual Cost excluding Vat - Y4]]*T_OTHER_OO[[#This Row],[(N) Qty - Y4]] -> 0 | AB43: =T_OTHER_OO[[#This Row],[(E) Annual Cost excluding Vat - Y5]]*T_OTHER_OO[[#This Row],[(O) Qty - Y5]] -> 0 | AC43: =T_OTHER_OO[[#This Row],[(F) Annual Cost excluding Vat - Y6]]*T_OTHER_OO[[#This Row],[(P) Qty - Y6]] -> 0 | AD43: =T_OTHER_OO[[#This Row],[(G) Annual Cost excluding Vat - Y7]]*T_OTHER_OO[[#This Row],[(Q) Qty - Y7]] -> 0 | AE43: =T_OTHER_OO[[#This Row],[(H) Annual Cost excluding Vat - Y8]]*T_OTHER_OO[[#This Row],[(R) Qty - Y8]] -> 0 | AF43: =T_OTHER_OO[[#This Row],[(I) Annual Cost excluding Vat - Y9]]*T_OTHER_OO[[#This Row],[(S) Qty - Y9]] -> 0 | AG43: =T_OTHER_OO[[#This Row],[(J) Annual Cost excluding Vat - Y10]]*T_OTHER_OO[[#This Row],[(T) Qty - Y10]] -> 0 | AH43: =SUM(T_OTHER_OO[[#This Row],[(U) Total Cost Excluding Vat - Y1 (A*K)]:[(DD) Total Cost Excluding Vat - Y10 (J*T)]]) -> 0
A44: Total | X44: =SUBTOTAL(109,T_OTHER_OO[(U) Total Cost Excluding Vat - Y1 (A*K)]) -> 0 | Y44: =SUBTOTAL(109,T_OTHER_OO[(V) Total Cost Excluding Vat - Y2 (B*L)]) -> 0 | Z44: =SUBTOTAL(109,T_OTHER_OO[(W) Total Cost Excluding Vat - Y3 (C*M)]) -> 0 | AA44: =SUBTOTAL(109,T_OTHER_OO[(X) Total Cost Excluding Vat - Y4 (D*N)]) -> 0 | AB44: =SUBTOTAL(109,T_OTHER_OO[(Y) Total Cost Excluding Vat - Y5 (E*O)]) -> 0 | AC44: =SUBTOTAL(109,T_OTHER_OO[(Z) Total Cost Excluding Vat - Y6 (F*P)]) -> 0 | AD44: =SUBTOTAL(109,T_OTHER_OO[(AA) Total Cost Excluding Vat - Y7 (G*Q)]) -> 0 | AE44: =SUBTOTAL(109,T_OTHER_OO[(BB) Total Cost Excluding Vat - Y8 (H*R)]) -> 0 | AF44: =SUBTOTAL(109,T_OTHER_OO[(CC) Total Cost Excluding Vat - Y9 (I*S)]) -> 0 | AG44: =SUBTOTAL(109,T_OTHER_OO[(DD) Total Cost Excluding Vat - Y10 (J*T)]) -> 0 | AH44: =SUBTOTAL(109,T_OTHER_OO[(EE) Total Cost Excluding VAT]) -> 0

Sheet Other Costs - recuring
A1: Annexure I Other Costs - RECURRING
A5: Notes:
A6: Us this table to add any other RECURRING costs that might be nesessesary
A7: Only Fill in Columns in Green
A10: Description | B10: Site | C10: UOM | D10: (A) Annual Cost excluding Vat - Y1 | E10: (B) Annual Cost excluding Vat - Y2 | F10: (C) Annual Cost excluding Vat - Y3 | G10: (D) Annual Cost excluding Vat - Y4 | H10: (E) Annual Cost excluding Vat - Y5 | I10: (F) Annual Cost excluding Vat - Y6 | J10: (G) Annual Cost excluding Vat - Y7 | K10: (H) Annual Cost excluding Vat - Y8 | L10: (I) Annual Cost excluding Vat - Y9 | M10: (J) Annual Cost excluding Vat - Y10 | N10: (K) Qty - Y1 | O10: (L) Qty - Y2 | P10: (M) Qty - Y3 | Q10: (N) Qty - Y4 | R10: (O) Qty - Y5 | S10: (P) Qty - Y6 | T10: (Q) Qty - Y7 | U10: (R) Qty - Y8 | V10: (S) Qty - Y9 | W10: (T) Qty - Y10 | X10: (U) Total Cost Excluding Vat - Y1 (A*K) | Y10: (V) Total Cost Excluding Vat - Y2 (B*L) | Z10: (W) Total Cost Excluding Vat - Y3 (C*M) | AA10: (X) Total Cost Excluding Vat - Y4 (D*N) | AB10: (Y) Total Cost Excluding Vat - Y5 (E*O) | AC10: (Z) Total Cost Excluding Vat - Y6 (F*P) | AD10: (AA) Total Cost Excluding Vat - Y7 (G*Q) | AE10: (BB) Total Cost Excluding Vat - Y8 (H*R) | AF10: (CC) Total Cost Excluding Vat - Y9 (I*S) | AG10: (DD) Total Cost Excluding Vat - Y10 (J*T) | AH10: (EE) Total Cost Excluding VAT
N11: 1 | O11: 1 | P11: 1 | Q11: 1 | R11: 1 | S11: 1 | T11: 1 | U11: 1 | V11: 1 | W11: 1 | X11: =T_OTHER_R[[#This Row],[(K) Qty - Y1]]*T_OTHER_R[[#This Row],[(A) Annual Cost excluding Vat - Y1]] -> 0 | Y11: =T_OTHER_R[[#This Row],[(B) Annual Cost excluding Vat - Y2]]*T_OTHER_R[[#This Row],[(L) Qty - Y2]] -> 0 | Z11: =T_OTHER_R[[#This Row],[(C) Annual Cost excluding Vat - Y3]]*T_OTHER_R[[#This Row],[(M) Qty - Y3]] -> 0 | AA11: =T_OTHER_R[[#This Row],[(D) Annual Cost excluding Vat - Y4]]*T_OTHER_R[[#This Row],[(N) Qty - Y4]] -> 0 | AB11: =T_OTHER_R[[#This Row],[(E) Annual Cost excluding Vat - Y5]]*T_OTHER_R[[#This Row],[(O) Qty - Y5]] -> 0 | AC11: =T_OTHER_R[[#This Row],[(F) Annual Cost excluding Vat - Y6]]*T_OTHER_R[[#This Row],[(P) Qty - Y6]] -> 0 | AD11: =T_OTHER_R[[#This Row],[(G) Annual Cost excluding Vat - Y7]]*T_OTHER_R[[#This Row],[(Q) Qty - Y7]] -> 0 | AE11: =T_OTHER_R[[#This Row],[(H) Annual Cost excluding Vat - Y8]]*T_OTHER_R[[#This Row],[(R) Qty - Y8]] -> 0 | AF11: =T_OTHER_R[[#This Row],[(I) Annual Cost excluding Vat - Y9]]*T_OTHER_R[[#This Row],[(S) Qty - Y9]] -> 0 | AG11: =T_OTHER_R[[#This Row],[(J) Annual Cost excluding Vat - Y10]]*T_OTHER_R[[#This Row],[(T) Qty - Y10]] -> 0 | AH11: =SUM(T_OTHER_R[[#This Row],[(U) Total Cost Excluding Vat - Y1 (A*K)]:[(DD) Total Cost Excluding Vat - Y10 (J*T)]]) -> 0
X12: =T_OTHER_R[[#This Row],[(K) Qty - Y1]]*T_OTHER_R[[#This Row],[(A) Annual Cost excluding Vat - Y1]] -> 0 | Y12: =T_OTHER_R[[#This Row],[(B) Annual Cost excluding Vat - Y2]]*T_OTHER_R[[#This Row],[(L) Qty - Y2]] -> 0 | Z12: =T_OTHER_R[[#This Row],[(C) Annual Cost excluding Vat - Y3]]*T_OTHER_R[[#This Row],[(M) Qty - Y3]] -> 0 | AA12: =T_OTHER_R[[#This Row],[(D) Annual Cost excluding Vat - Y4]]*T_OTHER_R[[#This Row],[(N) Qty - Y4]] -> 0 | AB12: =T_OTHER_R[[#This Row],[(E) Annual Cost excluding Vat - Y5]]*T_OTHER_R[[#This Row],[(O) Qty - Y5]] -> 0 | AC12: =T_OTHER_R[[#This Row],[(F) Annual Cost excluding Vat - Y6]]*T_OTHER_R[[#This Row],[(P) Qty - Y6]] -> 0 | AD12: =T_OTHER_R[[#This Row],[(G) Annual Cost excluding Vat - Y7]]*T_OTHER_R[[#This Row],[(Q) Qty - Y7]] -> 0 | AE12: =T_OTHER_R[[#This Row],[(H) Annual Cost excluding Vat - Y8]]*T_OTHER_R[[#This Row],[(R) Qty - Y8]] -> 0 | AF12: =T_OTHER_R[[#This Row],[(I) Annual Cost excluding Vat - Y9]]*T_OTHER_R[[#This Row],[(S) Qty - Y9]] -> 0 | AG12: =T_OTHER_R[[#This Row],[(J) Annual Cost excluding Vat - Y10]]*T_OTHER_R[[#This Row],[(T) Qty - Y10]] -> 0 | AH12: =SUM(T_OTHER_R[[#This Row],[(U) Total Cost Excluding Vat - Y1 (A*K)]:[(DD) Total Cost Excluding Vat - Y10 (J*T)]]) -> 0
X13: =T_OTHER_R[[#This Row],[(K) Qty - Y1]]*T_OTHER_R[[#This Row],[(A) Annual Cost excluding Vat - Y1]] -> 0 | Y13: =T_OTHER_R[[#This Row],[(B) Annual Cost excluding Vat - Y2]]*T_OTHER_R[[#This Row],[(L) Qty - Y2]] -> 0 | Z13: =T_OTHER_R[[#This Row],[(C) Annual Cost excluding Vat - Y3]]*T_OTHER_R[[#This Row],[(M) Qty - Y3]] -> 0 | AA13: =T_OTHER_R[[#This Row],[(D) Annual Cost excluding Vat - Y4]]*T_OTHER_R[[#This Row],[(N) Qty - Y4]] -> 0 | AB13: =T_OTHER_R[[#This Row],[(E) Annual Cost excluding Vat - Y5]]*T_OTHER_R[[#This Row],[(O) Qty - Y5]] -> 0 | AC13: =T_OTHER_R[[#This Row],[(F) Annual Cost excluding Vat - Y6]]*T_OTHER_R[[#This Row],[(P) Qty - Y6]] -> 0 | AD13: =T_OTHER_R[[#This Row],[(G) Annual Cost excluding Vat - Y7]]*T_OTHER_R[[#This Row],[(Q) Qty - Y7]] -> 0 | AE13: =T_OTHER_R[[#This Row],[(H) Annual Cost excluding Vat - Y8]]*T_OTHER_R[[#This Row],[(R) Qty - Y8]] -> 0 | AF13: =T_OTHER_R[[#This Row],[(I) Annual Cost excluding Vat - Y9]]*T_OTHER_R[[#This Row],[(S) Qty - Y9]] -> 0 | AG13: =T_OTHER_R[[#This Row],[(J) Annual Cost excluding Vat - Y10]]*T_OTHER_R[[#This Row],[(T) Qty - Y10]] -> 0 | AH13: =SUM(T_OTHER_R[[#This Row],[(U) Total Cost Excluding Vat - Y1 (A*K)]:[(DD) Total Cost Excluding Vat - Y10 (J*T)]]) -> 0
X14: =T_OTHER_R[[#This Row],[(K) Qty - Y1]]*T_OTHER_R[[#This Row],[(A) Annual Cost excluding Vat - Y1]] -> 0 | Y14: =T_OTHER_R[[#This Row],[(B) Annual Cost excluding Vat - Y2]]*T_OTHER_R[[#This Row],[(L) Qty - Y2]] -> 0 | Z14: =T_OTHER_R[[#This Row],[(C) Annual Cost excluding Vat - Y3]]*T_OTHER_R[[#This Row],[(M) Qty - Y3]] -> 0 | AA14: =T_OTHER_R[[#This Row],[(D) Annual Cost excluding Vat - Y4]]*T_OTHER_R[[#This Row],[(N) Qty - Y4]] -> 0 | AB14: =T_OTHER_R[[#This Row],[(E) Annual Cost excluding Vat - Y5]]*T_OTHER_R[[#This Row],[(O) Qty - Y5]] -> 0 | AC14: =T_OTHER_R[[#This Row],[(F) Annual Cost excluding Vat - Y6]]*T_OTHER_R[[#This Row],[(P) Qty - Y6]] -> 0 | AD14: =T_OTHER_R[[#This Row],[(G) Annual Cost excluding Vat - Y7]]*T_OTHER_R[[#This Row],[(Q) Qty - Y7]] -> 0 | AE14: =T_OTHER_R[[#This Row],[(H) Annual Cost excluding Vat - Y8]]*T_OTHER_R[[#This Row],[(R) Qty - Y8]] -> 0 | AF14: =T_OTHER_R[[#This Row],[(I) Annual Cost excluding Vat - Y9]]*T_OTHER_R[[#This Row],[(S) Qty - Y9]] -> 0 | AG14: =T_OTHER_R[[#This Row],[(J) Annual Cost excluding Vat - Y10]]*T_OTHER_R[[#This Row],[(T) Qty - Y10]] -> 0 | AH14: =SUM(T_OTHER_R[[#This Row],[(U) Total Cost Excluding Vat - Y1 (A*K)]:[(DD) Total Cost Excluding Vat - Y10 (J*T)]]) -> 0
X15: =T_OTHER_R[[#This Row],[(K) Qty - Y1]]*T_OTHER_R[[#This Row],[(A) Annual Cost excluding Vat - Y1]] -> 0 | Y15: =T_OTHER_R[[#This Row],[(B) Annual Cost excluding Vat - Y2]]*T_OTHER_R[[#This Row],[(L) Qty - Y2]] -> 0 | Z15: =T_OTHER_R[[#This Row],[(C) Annual Cost excluding Vat - Y3]]*T_OTHER_R[[#This Row],[(M) Qty - Y3]] -> 0 | AA15: =T_OTHER_R[[#This Row],[(D) Annual Cost excluding Vat - Y4]]*T_OTHER_R[[#This Row],[(N) Qty - Y4]] -> 0 | AB15: =T_OTHER_R[[#This Row],[(E) Annual Cost excluding Vat - Y5]]*T_OTHER_R[[#This Row],[(O) Qty - Y5]] -> 0 | AC15: =T_OTHER_R[[#This Row],[(F) Annual Cost excluding Vat - Y6]]*T_OTHER_R[[#This Row],[(P) Qty - Y6]] -> 0 | AD15: =T_OTHER_R[[#This Row],[(G) Annual Cost excluding Vat - Y7]]*T_OTHER_R[[#This Row],[(Q) Qty - Y7]] -> 0 | AE15: =T_OTHER_R[[#This Row],[(H) Annual Cost excluding Vat - Y8]]*T_OTHER_R[[#This Row],[(R) Qty - Y8]] -> 0 | AF15: =T_OTHER_R[[#This Row],[(I) Annual Cost excluding Vat - Y9]]*T_OTHER_R[[#This Row],[(S) Qty - Y9]] -> 0 | AG15: =T_OTHER_R[[#This Row],[(J) Annual Cost excluding Vat - Y10]]*T_OTHER_R[[#This Row],[(T) Qty - Y10]] -> 0 | AH15: =SUM(T_OTHER_R[[#This Row],[(U) Total Cost Excluding Vat - Y1 (A*K)]:[(DD) Total Cost Excluding Vat - Y10 (J*T)]]) -> 0
X16: =T_OTHER_R[[#This Row],[(K) Qty - Y1]]*T_OTHER_R[[#This Row],[(A) Annual Cost excluding Vat - Y1]] -> 0 | Y16: =T_OTHER_R[[#This Row],[(B) Annual Cost excluding Vat - Y2]]*T_OTHER_R[[#This Row],[(L) Qty - Y2]] -> 0 | Z16: =T_OTHER_R[[#This Row],[(C) Annual Cost excluding Vat - Y3]]*T_OTHER_R[[#This Row],[(M) Qty - Y3]] -> 0 | AA16: =T_OTHER_R[[#This Row],[(D) Annual Cost excluding Vat - Y4]]*T_OTHER_R[[#This Row],[(N) Qty - Y4]] -> 0 | AB16: =T_OTHER_R[[#This Row],[(E) Annual Cost excluding Vat - Y5]]*T_OTHER_R[[#This Row],[(O) Qty - Y5]] -> 0 | AC16: =T_OTHER_R[[#This Row],[(F) Annual Cost excluding Vat - Y6]]*T_OTHER_R[[#This Row],[(P) Qty - Y6]] -> 0 | AD16: =T_OTHER_R[[#This Row],[(G) Annual Cost excluding Vat - Y7]]*T_OTHER_R[[#This Row],[(Q) Qty - Y7]] -> 0 | AE16: =T_OTHER_R[[#This Row],[(H) Annual Cost excluding Vat - Y8]]*T_OTHER_R[[#This Row],[(R) Qty - Y8]] -> 0 | AF16: =T_OTHER_R[[#This Row],[(I) Annual Cost excluding Vat - Y9]]*T_OTHER_R[[#This Row],[(S) Qty - Y9]] -> 0 | AG16: =T_OTHER_R[[#This Row],[(J) Annual Cost excluding Vat - Y10]]*T_OTHER_R[[#This Row],[(T) Qty - Y10]] -> 0 | AH16: =SUM(T_OTHER_R[[#This Row],[(U) Total Cost Excluding Vat - Y1 (A*K)]:[(DD) Total Cost Excluding Vat - Y10 (J*T)]]) -> 0
X17: =T_OTHER_R[[#This Row],[(K) Qty - Y1]]*T_OTHER_R[[#This Row],[(A) Annual Cost excluding Vat - Y1]] -> 0 | Y17: =T_OTHER_R[[#This Row],[(B) Annual Cost excluding Vat - Y2]]*T_OTHER_R[[#This Row],[(L) Qty - Y2]] -> 0 | Z17: =T_OTHER_R[[#This Row],[(C) Annual Cost excluding Vat - Y3]]*T_OTHER_R[[#This Row],[(M) Qty - Y3]] -> 0 | AA17: =T_OTHER_R[[#This Row],[(D) Annual Cost excluding Vat - Y4]]*T_OTHER_R[[#This Row],[(N) Qty - Y4]] -> 0 | AB17: =T_OTHER_R[[#This Row],[(E) Annual Cost excluding Vat - Y5]]*T_OTHER_R[[#This Row],[(O) Qty - Y5]] -> 0 | AC17: =T_OTHER_R[[#This Row],[(F) Annual Cost excluding Vat - Y6]]*T_OTHER_R[[#This Row],[(P) Qty - Y6]] -> 0 | AD17: =T_OTHER_R[[#This Row],[(G) Annual Cost excluding Vat - Y7]]*T_OTHER_R[[#This Row],[(Q) Qty - Y7]] -> 0 | AE17: =T_OTHER_R[[#This Row],[(H) Annual Cost excluding Vat - Y8]]*T_OTHER_R[[#This Row],[(R) Qty - Y8]] -> 0 | AF17: =T_OTHER_R[[#This Row],[(I) Annual Cost excluding Vat - Y9]]*T_OTHER_R[[#This Row],[(S) Qty - Y9]] -> 0 | AG17: =T_OTHER_R[[#This Row],[(J) Annual Cost excluding Vat - Y10]]*T_OTHER_R[[#This Row],[(T) Qty - Y10]] -> 0 | AH17: =SUM(T_OTHER_R[[#This Row],[(U) Total Cost Excluding Vat - Y1 (A*K)]:[(DD) Total Cost Excluding Vat - Y10 (J*T)]]) -> 0
X18: =T_OTHER_R[[#This Row],[(K) Qty - Y1]]*T_OTHER_R[[#This Row],[(A) Annual Cost excluding Vat - Y1]] -> 0 | Y18: =T_OTHER_R[[#This Row],[(B) Annual Cost excluding Vat - Y2]]*T_OTHER_R[[#This Row],[(L) Qty - Y2]] -> 0 | Z18: =T_OTHER_R[[#This Row],[(C) Annual Cost excluding Vat - Y3]]*T_OTHER_R[[#This Row],[(M) Qty - Y3]] -> 0 | AA18: =T_OTHER_R[[#This Row],[(D) Annual Cost excluding Vat - Y4]]*T_OTHER_R[[#This Row],[(N) Qty - Y4]] -> 0 | AB18: =T_OTHER_R[[#This Row],[(E) Annual Cost excluding Vat - Y5]]*T_OTHER_R[[#This Row],[(O) Qty - Y5]] -> 0 | AC18: =T_OTHER_R[[#This Row],[(F) Annual Cost excluding Vat - Y6]]*T_OTHER_R[[#This Row],[(P) Qty - Y6]] -> 0 | AD18: =T_OTHER_R[[#This Row],[(G) Annual Cost excluding Vat - Y7]]*T_OTHER_R[[#This Row],[(Q) Qty - Y7]] -> 0 | AE18: =T_OTHER_R[[#This Row],[(H) Annual Cost excluding Vat - Y8]]*T_OTHER_R[[#This Row],[(R) Qty - Y8]] -> 0 | AF18: =T_OTHER_R[[#This Row],[(I) Annual Cost excluding Vat - Y9]]*T_OTHER_R[[#This Row],[(S) Qty - Y9]] -> 0 | AG18: =T_OTHER_R[[#This Row],[(J) Annual Cost excluding Vat - Y10]]*T_OTHER_R[[#This Row],[(T) Qty - Y10]] -> 0 | AH18: =SUM(T_OTHER_R[[#This Row],[(U) Total Cost Excluding Vat - Y1 (A*K)]:[(DD) Total Cost Excluding Vat - Y10 (J*T)]]) -> 0
X19: =T_OTHER_R[[#This Row],[(K) Qty - Y1]]*T_OTHER_R[[#This Row],[(A) Annual Cost excluding Vat - Y1]] -> 0 | Y19: =T_OTHER_R[[#This Row],[(B) Annual Cost excluding Vat - Y2]]*T_OTHER_R[[#This Row],[(L) Qty - Y2]] -> 0 | Z19: =T_OTHER_R[[#This Row],[(C) Annual Cost excluding Vat - Y3]]*T_OTHER_R[[#This Row],[(M) Qty - Y3]] -> 0 | AA19: =T_OTHER_R[[#This Row],[(D) Annual Cost excluding Vat - Y4]]*T_OTHER_R[[#This Row],[(N) Qty - Y4]] -> 0 | AB19: =T_OTHER_R[[#This Row],[(E) Annual Cost excluding Vat - Y5]]*T_OTHER_R[[#This Row],[(O) Qty - Y5]] -> 0 | AC19: =T_OTHER_R[[#This Row],[(F) Annual Cost excluding Vat - Y6]]*T_OTHER_R[[#This Row],[(P) Qty - Y6]] -> 0 | AD19: =T_OTHER_R[[#This Row],[(G) Annual Cost excluding Vat - Y7]]*T_OTHER_R[[#This Row],[(Q) Qty - Y7]] -> 0 | AE19: =T_OTHER_R[[#This Row],[(H) Annual Cost excluding Vat - Y8]]*T_OTHER_R[[#This Row],[(R) Qty - Y8]] -> 0 | AF19: =T_OTHER_R[[#This Row],[(I) Annual Cost excluding Vat - Y9]]*T_OTHER_R[[#This Row],[(S) Qty - Y9]] -> 0 | AG19: =T_OTHER_R[[#This Row],[(J) Annual Cost excluding Vat - Y10]]*T_OTHER_R[[#This Row],[(T) Qty - Y10]] -> 0 | AH19: =SUM(T_OTHER_R[[#This Row],[(U) Total Cost Excluding Vat - Y1 (A*K)]:[(DD) Total Cost Excluding Vat - Y10 (J*T)]]) -> 0
X20: =T_OTHER_R[[#This Row],[(K) Qty - Y1]]*T_OTHER_R[[#This Row],[(A) Annual Cost excluding Vat - Y1]] -> 0 | Y20: =T_OTHER_R[[#This Row],[(B) Annual Cost excluding Vat - Y2]]*T_OTHER_R[[#This Row],[(L) Qty - Y2]] -> 0 | Z20: =T_OTHER_R[[#This Row],[(C) Annual Cost excluding Vat - Y3]]*T_OTHER_R[[#This Row],[(M) Qty - Y3]] -> 0 | AA20: =T_OTHER_R[[#This Row],[(D) Annual Cost excluding Vat - Y4]]*T_OTHER_R[[#This Row],[(N) Qty - Y4]] -> 0 | AB20: =T_OTHER_R[[#This Row],[(E) Annual Cost excluding Vat - Y5]]*T_OTHER_R[[#This Row],[(O) Qty - Y5]] -> 0 | AC20: =T_OTHER_R[[#This Row],[(F) Annual Cost excluding Vat - Y6]]*T_OTHER_R[[#This Row],[(P) Qty - Y6]] -> 0 | AD20: =T_OTHER_R[[#This Row],[(G) Annual Cost excluding Vat - Y7]]*T_OTHER_R[[#This Row],[(Q) Qty - Y7]] -> 0 | AE20: =T_OTHER_R[[#This Row],[(H) Annual Cost excluding Vat - Y8]]*T_OTHER_R[[#This Row],[(R) Qty - Y8]] -> 0 | AF20: =T_OTHER_R[[#This Row],[(I) Annual Cost excluding Vat - Y9]]*T_OTHER_R[[#This Row],[(S) Qty - Y9]] -> 0 | AG20: =T_OTHER_R[[#This Row],[(J) Annual Cost excluding Vat - Y10]]*T_OTHER_R[[#This Row],[(T) Qty - Y10]] -> 0 | AH20: =SUM(T_OTHER_R[[#This Row],[(U) Total Cost Excluding Vat - Y1 (A*K)]:[(DD) Total Cost Excluding Vat - Y10 (J*T)]]) -> 0
X21: =T_OTHER_R[[#This Row],[(K) Qty - Y1]]*T_OTHER_R[[#This Row],[(A) Annual Cost excluding Vat - Y1]] -> 0 | Y21: =T_OTHER_R[[#This Row],[(B) Annual Cost excluding Vat - Y2]]*T_OTHER_R[[#This Row],[(L) Qty - Y2]] -> 0 | Z21: =T_OTHER_R[[#This Row],[(C) Annual Cost excluding Vat - Y3]]*T_OTHER_R[[#This Row],[(M) Qty - Y3]] -> 0 | AA21: =T_OTHER_R[[#This Row],[(D) Annual Cost excluding Vat - Y4]]*T_OTHER_R[[#This Row],[(N) Qty - Y4]] -> 0 | AB21: =T_OTHER_R[[#This Row],[(E) Annual Cost excluding Vat - Y5]]*T_OTHER_R[[#This Row],[(O) Qty - Y5]] -> 0 | AC21: =T_OTHER_R[[#This Row],[(F) Annual Cost excluding Vat - Y6]]*T_OTHER_R[[#This Row],[(P) Qty - Y6]] -> 0 | AD21: =T_OTHER_R[[#This Row],[(G) Annual Cost excluding Vat - Y7]]*T_OTHER_R[[#This Row],[(Q) Qty - Y7]] -> 0 | AE21: =T_OTHER_R[[#This Row],[(H) Annual Cost excluding Vat - Y8]]*T_OTHER_R[[#This Row],[(R) Qty - Y8]] -> 0 | AF21: =T_OTHER_R[[#This Row],[(I) Annual Cost excluding Vat - Y9]]*T_OTHER_R[[#This Row],[(S) Qty - Y9]] -> 0 | AG21: =T_OTHER_R[[#This Row],[(J) Annual Cost excluding Vat - Y10]]*T_OTHER_R[[#This Row],[(T) Qty - Y10]] -> 0 | AH21: =SUM(T_OTHER_R[[#This Row],[(U) Total Cost Excluding Vat - Y1 (A*K)]:[(DD) Total Cost Excluding Vat - Y10 (J*T)]]) -> 0
X22: =T_OTHER_R[[#This Row],[(K) Qty - Y1]]*T_OTHER_R[[#This Row],[(A) Annual Cost excluding Vat - Y1]] -> 0 | Y22: =T_OTHER_R[[#This Row],[(B) Annual Cost excluding Vat - Y2]]*T_OTHER_R[[#This Row],[(L) Qty - Y2]] -> 0 | Z22: =T_OTHER_R[[#This Row],[(C) Annual Cost excluding Vat - Y3]]*T_OTHER_R[[#This Row],[(M) Qty - Y3]] -> 0 | AA22: =T_OTHER_R[[#This Row],[(D) Annual Cost excluding Vat - Y4]]*T_OTHER_R[[#This Row],[(N) Qty - Y4]] -> 0 | AB22: =T_OTHER_R[[#This Row],[(E) Annual Cost excluding Vat - Y5]]*T_OTHER_R[[#This Row],[(O) Qty - Y5]] -> 0 | AC22: =T_OTHER_R[[#This Row],[(F) Annual Cost excluding Vat - Y6]]*T_OTHER_R[[#This Row],[(P) Qty - Y6]] -> 0 | AD22: =T_OTHER_R[[#This Row],[(G) Annual Cost excluding Vat - Y7]]*T_OTHER_R[[#This Row],[(Q) Qty - Y7]] -> 0 | AE22: =T_OTHER_R[[#This Row],[(H) Annual Cost excluding Vat - Y8]]*T_OTHER_R[[#This Row],[(R) Qty - Y8]] -> 0 | AF22: =T_OTHER_R[[#This Row],[(I) Annual Cost excluding Vat - Y9]]*T_OTHER_R[[#This Row],[(S) Qty - Y9]] -> 0 | AG22: =T_OTHER_R[[#This Row],[(J) Annual Cost excluding Vat - Y10]]*T_OTHER_R[[#This Row],[(T) Qty - Y10]] -> 0 | AH22: =SUM(T_OTHER_R[[#This Row],[(U) Total Cost Excluding Vat - Y1 (A*K)]:[(DD) Total Cost Excluding Vat - Y10 (J*T)]]) -> 0
X23: =T_OTHER_R[[#This Row],[(K) Qty - Y1]]*T_OTHER_R[[#This Row],[(A) Annual Cost excluding Vat - Y1]] -> 0 | Y23: =T_OTHER_R[[#This Row],[(B) Annual Cost excluding Vat - Y2]]*T_OTHER_R[[#This Row],[(L) Qty - Y2]] -> 0 | Z23: =T_OTHER_R[[#This Row],[(C) Annual Cost excluding Vat - Y3]]*T_OTHER_R[[#This Row],[(M) Qty - Y3]] -> 0 | AA23: =T_OTHER_R[[#This Row],[(D) Annual Cost excluding Vat - Y4]]*T_OTHER_R[[#This Row],[(N) Qty - Y4]] -> 0 | AB23: =T_OTHER_R[[#This Row],[(E) Annual Cost excluding Vat - Y5]]*T_OTHER_R[[#This Row],[(O) Qty - Y5]] -> 0 | AC23: =T_OTHER_R[[#This Row],[(F) Annual Cost excluding Vat - Y6]]*T_OTHER_R[[#This Row],[(P) Qty - Y6]] -> 0 | AD23: =T_OTHER_R[[#This Row],[(G) Annual Cost excluding Vat - Y7]]*T_OTHER_R[[#This Row],[(Q) Qty - Y7]] -> 0 | AE23: =T_OTHER_R[[#This Row],[(H) Annual Cost excluding Vat - Y8]]*T_OTHER_R[[#This Row],[(R) Qty - Y8]] -> 0 | AF23: =T_OTHER_R[[#This Row],[(I) Annual Cost excluding Vat - Y9]]*T_OTHER_R[[#This Row],[(S) Qty - Y9]] -> 0 | AG23: =T_OTHER_R[[#This Row],[(J) Annual Cost excluding Vat - Y10]]*T_OTHER_R[[#This Row],[(T) Qty - Y10]] -> 0 | AH23: =SUM(T_OTHER_R[[#This Row],[(U) Total Cost Excluding Vat - Y1 (A*K)]:[(DD) Total Cost Excluding Vat - Y10 (J*T)]]) -> 0
... X43: =T_OTHER_R[[#This Row],[(K) Qty - Y1]]*T_OTHER_R[[#This Row],[(A) Annual Cost excluding Vat - Y1]] -> 0 | Y43: =T_OTHER_R[[#This Row],[(B) Annual Cost excluding Vat - Y2]]*T_OTHER_R[[#This Row],[(L) Qty - Y2]] -> 0 | Z43: =T_OTHER_R[[#This Row],[(C) Annual Cost excluding Vat - Y3]]*T_OTHER_R[[#This Row],[(M) Qty - Y3]] -> 0 | AA43: =T_OTHER_R[[#This Row],[(D) Annual Cost excluding Vat - Y4]]*T_OTHER_R[[#This Row],[(N) Qty - Y4]] -> 0 | AB43: =T_OTHER_R[[#This Row],[(E) Annual Cost excluding Vat - Y5]]*T_OTHER_R[[#This Row],[(O) Qty - Y5]] -> 0 | AC43: =T_OTHER_R[[#This Row],[(F) Annual Cost excluding Vat - Y6]]*T_OTHER_R[[#This Row],[(P) Qty - Y6]] -> 0 | AD43: =T_OTHER_R[[#This Row],[(G) Annual Cost excluding Vat - Y7]]*T_OTHER_R[[#This Row],[(Q) Qty - Y7]] -> 0 | AE43: =T_OTHER_R[[#This Row],[(H) Annual Cost excluding Vat - Y8]]*T_OTHER_R[[#This Row],[(R) Qty - Y8]] -> 0 | AF43: =T_OTHER_R[[#This Row],[(I) Annual Cost excluding Vat - Y9]]*T_OTHER_R[[#This Row],[(S) Qty - Y9]] -> 0 | AG43: =T_OTHER_R[[#This Row],[(J) Annual Cost excluding Vat - Y10]]*T_OTHER_R[[#This Row],[(T) Qty - Y10]] -> 0 | AH43: =SUM(T_OTHER_R[[#This Row],[(U) Total Cost Excluding Vat - Y1 (A*K)]:[(DD) Total Cost Excluding Vat - Y10 (J*T)]]) -> 0
A44: Total | X44: =SUBTOTAL(109,T_OTHER_R[(U) Total Cost Excluding Vat - Y1 (A*K)]) -> 0 | Y44: =SUBTOTAL(109,T_OTHER_R[(V) Total Cost Excluding Vat - Y2 (B*L)]) -> 0 | Z44: =SUBTOTAL(109,T_OTHER_R[(W) Total Cost Excluding Vat - Y3 (C*M)]) -> 0 | AA44: =SUBTOTAL(109,T_OTHER_R[(X) Total Cost Excluding Vat - Y4 (D*N)]) -> 0 | AB44: =SUBTOTAL(109,T_OTHER_R[(Y) Total Cost Excluding Vat - Y5 (E*O)]) -> 0 | AC44: =SUBTOTAL(109,T_OTHER_R[(Z) Total Cost Excluding Vat - Y6 (F*P)]) -> 0 | AD44: =SUBTOTAL(109,T_OTHER_R[(AA) Total Cost Excluding Vat - Y7 (G*Q)]) -> 0 | AE44: =SUBTOTAL(109,T_OTHER_R[(BB) Total Cost Excluding Vat - Y8 (H*R)]) -> 0 | AF44: =SUBTOTAL(109,T_OTHER_R[(CC) Total Cost Excluding Vat - Y9 (I*S)]) -> 0 | AG44: =SUBTOTAL(109,T_OTHER_R[(DD) Total Cost Excluding Vat - Y10 (J*T)]) -> 0 | AH44: =SUBTOTAL(109,T_OTHER_R[(EE) Total Cost Excluding VAT]) -> 0
